Workbook
Name autre: '[1]Menu Deroulants'!$D$3:$D$29
Name Deco: '[2]Données Listes'!$I$4:$I$99
Name Deco: '[3]Données Listes'!$I$4:$I$99
Name Emballage: '[2]Données Listes'!$F$4:$F$99
Name Emballage: '[3]Données Listes'!$F$4:$F$99
Name F_Boulangerie: [2]Sommaire!$F$5:$F$100
Name F_Choco_Confis: [2]Sommaire!$N$5:$N$100
Name F_Patisserie: [2]Sommaire!$J$5:$J$100
Name F_Sale: [2]Sommaire!$L$5:$L$100
Name F_Viennoiserie: [2]Sommaire!$H$5:$H$100
Name Feuilles: [2]Sommaire!#REF!
Name Feuilles: [3]Sommaire!#REF!
Name gdhg: [3]Sommaire!#REF!
Name hd: '[1]Menu Deroulants'!$G$3:$G$6
Name Marges: '[2]Données Listes'!$L$5:$L$20
Name Marges: '[3]Données Listes'!$L$5:$L$20
Name Materiel: '[1]Menu Deroulants'!$J$4:$J$10
Name Matieres: '[2]Données Listes'!$C$5:$C$200
Name Matieres: '[3]Données Listes'!$C$5:$C$1000
Name memo: '[1]Menu Deroulants'!$B$3:$B$9
Name nombre: '[1]Menu Deroulants'!$A$3:$A$53
Name ouinon: '[1]Menu Deroulants'!$C$3:$C$6
Name pays: '[1]Menu Deroulants'!$F$3:$F$7
Name t: [2]Sommaire!#REF!
Name t: [3]Sommaire!#REF!
Name TVA: '[2]Données Listes'!$N$5:$N$20
Name TVA: '[3]Données Listes'!$N$5:$N$20
Name type: '[1]Menu Deroulants'!$E$3:$E$28
Name TypeRecette: '[2]Données Listes'!$P$5:$P$91
Name TypeRecette: '[3]Données Listes'!$P$5:$P$91
Name Web: '[1]Menu Deroulants'!$H$3:$H$63
Name WII: '[1]Menu Deroulants'!$I$4:$I$16

Sheet CA. Fin de Journée
A1: Aujourd'hui | B1: =TODAY() -> 44445 | S1: B.=Buche
A2: Date | B2: 44443 | H2: Sommaire | M2: =COLUMN() -> 13 | N2: =COLUMN() -> 14 | O2: =COLUMN() -> 15 | P2: =COLUMN() -> 16 | Q2: =COLUMN() -> 17 | R2: =COLUMN() -> 18 | S2: =COLUMN() -> 19 | T2: =COLUMN() -> 20 | ... AO2: =COLUMN() -> 41
A4: Nb Pdts | C4: =G7+N7+U7+AB7+AI7+AP7 -> 0 | F4: Boulangerie | M4: Viennoiserie | T4: Patisserie | AA4: Salé | AH4: Epicerie | AO4: Formule
A5: Nb de Ticket | E5: Total | L5: Total | S5: Total | Z5: Total | AG5: Total | AN5: Total
A6: Nb Pdts/Ticket | C6: =IF(ISERROR(C4/C5),"",C4/C5) | F6: Pdts | G6: Qte | H6: Prix | I6: Marge | J6: Tva | M6: Pdts | N6: Qte | O6: Prix | P6: Marge | Q6: Tva | T6: Pdts | U6: Qte | V6: Prix | W6: Marge | X6: Tva | AA6: Pdts | AB6: Qte | AC6: Prix | AD6: Marge | AE6: Tva | AH6: Pdts | AI6: Qte | AJ6: Prix | AK6: Marge | AL6: Tva | AO6: Pdts | AP6: Qte | AQ6: Prix | AR6: Marge | AS6: Tva
A7: Montant CB | G7: =SUM(G8:G1000) -> 0 | H7: =SUM(H8:H1000) -> 0 | I7: =SUM(I8:I1000) -> 0 | J7: =SUM(J8:J1000) -> 0 | N7: =SUM(N8:N1000) -> 0 | O7: =SUM(O8:O1000) -> 0 | P7: =SUM(P8:P1000) -> 0 | Q7: =SUM(Q8:Q1000) -> 0 | U7: =SUM(U8:U1000) -> 0 | V7: =SUM(V8:V1000) -> 0 | W7: =SUM(W8:W1000) -> 0 | X7: =SUM(X8:X1000) -> 0 | AB7: =SUM(AB8:AB1000) -> 0 | AC7: =SUM(AC8:AC1000) -> 0 | AD7: =SUM(AD8:AD1000) -> 0 | AE7: =SUM(AE8:AE1000) -> 0 | AI7: =SUM(AI8:AI1000) -> 0 | AJ7: =SUM(AJ8:AJ1000) -> 0 | AK7: =SUM(AK8:AK1000) -> 0 | AL7: =SUM(AL8:AL1000) -> 0 | AP7: =SUM(AP8:AP1000) -> 0 | AQ7: =SUM(AQ8:AQ1000) -> 0 | AR7: =SUM(AR8:AR1000) -> 0 | AS7: =SUM(AS8:AS1000) -> 0
A8: Nb CB | E8: 1 | F8: Baguette | H8: =IF(ISBLANK(G8),"",('[3]FB. Baguette Prestige'!H19*G8)) | I8: =IF(ISBLANK(G8),"",('[3]FB. Baguette Prestige'!H20*G8)) | J8: =IF(ISBLANK(G8),"",(H8/105.5*5.5)) | L8: 1 | M8: Croissant | O8: =IF(ISBLANK(N8),"",('[3]FV. Croissant'!H19*N8)) | P8: =IF(ISBLANK(N8),"",('[3]FV. Croissant'!H20*N8)) | Q8: =IF(ISBLANK(N8),"",(O8/105.5*5.5)) | S8: 1 | T8: Flan | V8: =IF(ISBLANK(U8),"",('[3]FP. Flan (2)'!H19*U8)) | W8: =IF(ISBLANK(U8),"",('[3]FP. Flan (2)'!H20*U8)) | X8: =IF(ISBLANK(U8),"",(V8/105.5*5.5)) | Z8: 1 | AA8: Sandwich | AC8: =IF(ISBLANK(AB8),"",3.2*AB8) | AD8: =IF(ISBLANK(AB8),"",((AC8/110)*100)/100*60) | AE8: =IF(ISBLANK(AB8),"",(AC8/110*10)) | AG8: 1 | AH8: Eau | AJ8: =IF(ISBLANK(AI8),"",('[3]AC. Epicerie'!BH3*AI8)) | AK8: =IF(ISBLANK(AI8),"",('[3]AC. Epicerie'!BI3*AI8)) | AL8: =IF(ISBLANK(AI8),"",(AJ8/120*20)) | AN8: 1 | AO8: Formule 1 | AR8: =AQ8/100*75 -> 0 | AS8: =AQ8/105.5*5.5 -> 0
A9: Montant Esp | E9: 2 | F9: Demi Bag | H9: =IF(ISBLANK(G9),"",('[3]FB. Baguette Prestige'!J27*G9)) | I9: =IF(ISBLANK(G9),"",('[3]FB. Baguette Prestige'!K27*G9)) | J9: =IF(ISBLANK(G9),"",(H9/105.5*5.5)) | L9: 2 | M9: Pain Choc | O9: =IF(ISBLANK(N9),"",('[3]FV. Pain Choc'!H19*N9)) | P9: =IF(ISBLANK(N9),"",('[3]FV. Pain Choc'!H20*N9)) | Q9: =IF(ISBLANK(N9),"",(O9/105.5*5.5)) | S9: 2 | T9: Tarte Choc | V9: =IF(ISBLANK(U9),"",('[3]FP. Tarte Chocolat Feuillantine'!H19*'CA. Fin de Journée'!U9)) | W9: =IF(ISBLANK(U9),"",('[3]FP. Tarte Chocolat Feuillantine'!H20*'CA. Fin de Journée'!U9)) | X9: =IF(ISBLANK(U9),"",(V9/105.5*5.5)) | Z9: 2 | AA9: Q. Lardon | AC9: =IF(ISBLANK(AB9),"",('[3]FS. Quiche Lardon'!H19*AB9)) | AD9: =IF(ISBLANK(AB9),"",('[3]FS. Quiche Lardon'!H20*AB9)) | AE9: =IF(ISBLANK(AB9),"",(AC9/110*10)) | AG9: 2 | AH9: Biere 8,6 | AJ9: =IF(ISBLANK(AI9),"",('[3]AC. Epicerie'!AX3*AI9)) | AK9: =IF(ISBLANK(AI9),"",('[3]AC. Epicerie'!AY3*AI9)) | AL9: =IF(ISBLANK(AI9),"",(AJ9/120*20)) | AN9: 2
A10: Montant Chq | E10: 3 | F10: P. Boule | H10: =IF(ISBLANK(G10),"",('[3]FB. Baguette Prestige'!J28*G10)) | I10: =IF(ISBLANK(G10),"",('[3]FB. Baguette Prestige'!K28*'CA. Fin de Journée'!G10)) | J10: =IF(ISBLANK(G10),"",(H10/105.5*5.5)) | L10: 3 | M10: Chaus. Po | O10: =IF(ISBLANK(N10),"",('[3]FV. Chausson Pomme'!$H$19*N10)) | P10: =IF(ISBLANK(N10),"",('[3]FV. Chausson Pomme'!$H$20*N10)) | Q10: =IF(ISBLANK(N10),"",(O10/105.5*5.5)) | S10: 3 | T10: Tarte Citron | V10: =IF(ISBLANK(U10),"",('[3]FP. Tarte Citron'!H19*U10)) | W10: =IF(ISBLANK(U10),"",('[3]FP. Tarte Citron'!H20*U10)) | X10: =IF(ISBLANK(U10),"",(V10/105.5*5.5)) | Z10: 3 | AA10: Q. Chevre | AC10: =IF(ISBLANK(AB10),"",('[3]FS. Quiche Tommate Chevre'!H19*AB10)) | AD10: =IF(ISBLANK(AB10),"",('[3]FS. Quiche Tommate Chevre'!H20*AB10)) | AE10: =IF(ISBLANK(AB10),"",(AC10/110*10)) | AG10: 3 | AH10: Biere 1er Prix 8,5° | AJ10: =IF(ISBLANK(AI10),"",('[3]AC. Epicerie'!AS3*AI10)) | AK10: =IF(ISBLANK(AI10),"",('[3]AC. Epicerie'!AT3*AI10)) | AL10: =IF(ISBLANK(AI10),"",(AJ10/120*20)) | AN10: 3
A11: Nb Chq | E11: 4 | F11: G. Boule | H11: =IF(ISBLANK(G11),"",('[3]FB. Baguette Prestige'!J26*G11)) | I11: =IF(ISBLANK(G11),"",('[3]FB. Baguette Prestige'!K26*G11)) | J11: =IF(ISBLANK(G11),"",(H11/105.5*5.5)) | L11: 4 | M11: Pain Raisin | O11: =IF(ISBLANK(N11),"",('[3]FV. Pain Raisin'!H19*N11)) | P11: =IF(ISBLANK(N11),"",('[3]FV. Pain Raisin'!H20*N11)) | Q11: =IF(ISBLANK(N11),"",(O11/105.5*5.5)) | S11: 4 | T11: Tarte Norm | V11: =IF(ISBLANK(U11),"",('[3]FP. Tarte Normande'!H19*U11)) | W11: =IF(ISBLANK(U11),"",('[3]FP. Tarte Normande'!H20*U11)) | X11: =IF(ISBLANK(U11),"",(V11/105.5*5.5)) | Z11: 4 | AA11: Fougasse | AC11: =IF(ISBLANK(AB11),"",('[3]FB. Fougasse'!H19*'CA. Fin de Journée'!AB11)) | AD11: =IF(ISBLANK(AB11),"",('[3]FB. Fougasse'!H20*'CA. Fin de Journée'!AB11)) | AE11: =IF(ISBLANK(AB11),"",(AC11/110*10)) | AG11: 4 | AH11: Coca 33cl | AJ11: =IF(ISBLANK(AI11),"",('[3]AC. Epicerie'!E3*AI11)) | AK11: =IF(ISBLANK(AI11),"",('[3]AC. Epicerie'!F3*AI11)) | AL11: =IF(ISBLANK(AI11),"",(AJ11/120*20)) | AN11: 4
A12: =C12-C13 -> 0 | B12: =IF(C12=C13,"Vrais","Faux") -> Vrais | C12: =SUM(C10,C9,C7) -> 0 | E12: 5 | F12: Moulée | H12: =IF(ISBLANK(G12),"",('[3]FB. Baguette Prestige'!J32*'CA. Fin de Journée'!G12)) | I12: =IF(ISBLANK(G12),"",('[3]FB. Baguette Prestige'!K32*'CA. Fin de Journée'!G12)) | J12: =IF(ISBLANK(G12),"",(H12/105.5*5.5)) | L12: 5 | M12: Mini | O12: =IF(ISBLANK(N12),"",('[3]FV. Mini'!$H$19*N12)) | P12: =IF(ISBLANK(N12),"",('[3]FV. Mini'!$H$20*N12)) | Q12: =IF(ISBLANK(N12),"",(O12/105.5*5.5)) | S12: 5 | T12: Tarte Abric | V12: =IF(ISBLANK(U12),"",('[3]FP. Tarte Abricot'!H19*U12)) | W12: =IF(ISBLANK(U12),"",('[3]FP. Tarte Abricot'!H20*U12)) | X12: =IF(ISBLANK(U12),"",(V12/105.5*5.5)) | Z12: 5 | AA12: Pizza Regina | AC12: =IF(ISBLANK(AB12),"",9.9*AB12) | AD12: =IF(ISBLANK(AB12),"",((AC12/110)*100)/100*60) | AE12: =IF(ISBLANK(AB12),"",(AC12/110*10)) | AG12: 5 | AH12: Coca Z 33cl | AJ12: =IF(ISBLANK(AI12),"",('[3]AC. Epicerie'!T3*AI12)) | AK12: =IF(ISBLANK(AI12),"",('[3]AC. Epicerie'!U3*AI12)) | AL12: =IF(ISBLANK(AI12),"",(AJ12/120*20)) | AN12: 5
B13: CAttc | C13: =SUM(B14:B24) -> 0 | E13: 6 | F13: Pain | H13: =IF(ISBLANK(G13),"",('[3]FB. Baguette Prestige'!J25*'CA. Fin de Journée'!G13)) | I13: =IF(ISBLANK(G13),"",('[3]FB. Baguette Prestige'!K25*'CA. Fin de Journée'!G13)) | J13: =IF(ISBLANK(G13),"",(H13/105.5*5.5)) | L13: 6 | M13: Pain au Lait | O13: =IF(ISBLANK(N13),"",('[3]FV. Pain au lait'!H19*'CA. Fin de Journée'!N13)) | P13: =IF(ISBLANK(N13),"",('[3]FV. Pain au lait'!H20*'CA. Fin de Journée'!N13)) | Q13: =IF(ISBLANK(N13),"",(O13/105.5*5.5)) | S13: 6 | T13: C. Amande | V13: =IF(ISBLANK(U13),"",('[3]FV. Croissant amande'!H19*U13)) | W13: =IF(ISBLANK(U13),"",('[3]FV. Croissant amande'!H20*U13)) | X13: =IF(ISBLANK(U13),"",(V13/105.5*5.5)) | Z13: 6 | AA13: Sand Jambon | AC13: =IF(ISBLANK(AB13),"",('[3]FS. Sandwish Jambon'!H19*'CA. Fin de Journée'!AB13)) | AD13: =IF(ISBLANK(AB13),"",('[3]FS. Sandwish Jambon'!H20*'CA. Fin de Journée'!AB13)) | AE13: =IF(ISBLANK(AB13),"",(AC13/110*10)) | AG13: 6 | AH13: Fanta 33cl | AJ13: =IF(ISBLANK(AI13),"",('[3]AC. Epicerie'!J3*AI13)) | AK13: =IF(ISBLANK(AI13),"",('[3]AC. Epicerie'!K3*AI13)) | AL13: =IF(ISBLANK(AI13),"",(AJ13/120*20)) | AN13: 6
A14: Boulangerie | B14: =SUM(H8:H1000) -> 0 | E14: 7 | F14: G. Batard | H14: =IF(ISBLANK(G14),"",('[3]FB. Baguette Prestige'!J30*'CA. Fin de Journée'!G14)) | I14: =IF(ISBLANK(G14),"",('[3]FB. Baguette Prestige'!K30*'CA. Fin de Journée'!G14)) | J14: =IF(ISBLANK(G14),"",(H14/105.5*5.5)) | L14: 7 | M14: Brioche G. | O14: =IF(ISBLANK(N14),"",('[3]FV. Brioche'!J26*'CA. Fin de Journée'!N14)) | P14: =IF(ISBLANK(N14),"",('[3]FV. Brioche'!K26*'CA. Fin de Journée'!N14)) | Q14: =IF(ISBLANK(N14),"",(O14/105.5*5.5)) | S14: 7 | T14: Baba | V14: =IF(ISBLANK(U14),"",('[3]FP. Baba au Rhum'!H19*U14)) | W14: =IF(ISBLANK(U14),"",('[3]FP. Baba au Rhum'!H20*U14)) | X14: =IF(ISBLANK(U14),"",(V14/105.5*5.5)) | Z14: 7 | AA14: Tarte Oignon | AC14: =IF(ISBLANK(AB14),"",3.2*AB14) | AD14: =IF(ISBLANK(AB14),"",((AC14/110)*100)/100*60) | AE14: =IF(ISBLANK(AB14),"",(AC14/110*10)) | AG14: 7 | AH14: Sprite 33cl | AJ14: =IF(ISBLANK(AI14),"",('[3]AC. Epicerie'!AN3*AI14)) | AK14: =IF(ISBLANK(AI14),"",('[3]AC. Epicerie'!AO3*AI14)) | AL14: =IF(ISBLANK(AI14),"",(AJ14/120*20)) | AN14: 7
E15: 8 | F15: Pain Doub | H15: =IF(ISBLANK(G15),"",('[3]FB. Baguette Prestige'!J29*'CA. Fin de Journée'!G15)) | I15: =IF(ISBLANK(G15),"",('[3]FB. Baguette Prestige'!K29*'CA. Fin de Journée'!G15)) | J15: =IF(ISBLANK(G15),"",(H15/105.5*5.5)) | L15: 8 | M15: Viennoise Maison | O15: =IF(ISBLANK(N15),"",('[3]FV. Viennoise Mix'!H19*N15)) | P15: =IF(ISBLANK(N15),"",('[3]FV. Viennoise Mix'!H20*N15)) | Q15: =IF(ISBLANK(N15),"",(O15/105.5*5.5)) | S15: 8 | T15: Cake Citron | V15: =IF(ISBLANK(U15),"",('[3]FP. Cake Citron'!H19*U15)) | W15: =IF(ISBLANK(U15),"",('[3]FP. Cake Citron'!H20*U15)) | X15: =IF(ISBLANK(U15),"",(V15/105.5*5.5)) | Z15: 8 | AA15: Bag Chorizo | AC15: =IF(ISBLANK(AB15),"",3*AB15) | AD15: =IF(ISBLANK(AB15),"",((AC15/110)*100)/100*60) | AE15: =IF(ISBLANK(AB15),"",(AC15/110*10)) | AG15: 8 | AH15: M Maid Orange 33cl | AJ15: =IF(ISBLANK(AI15),"",('[3]AC. Epicerie'!AD3*AI15)) | AK15: =IF(ISBLANK(AI15),"",('[3]AC. Epicerie'!AE3*AI15)) | AL15: =IF(ISBLANK(AI15),"",(AJ15/120*20)) | AN15: 8
A16: Viennoiserie | B16: =SUM(O8:O1000) -> 0 | E16: 9 | F16: Trad | H16: =IF(ISBLANK(G16),"",('[3]FB. Trad'!H19*'CA. Fin de Journée'!G16)) | I16: =IF(ISBLANK(G16),"",('[3]FB. Trad'!H20*'CA. Fin de Journée'!G16)) | J16: =IF(ISBLANK(G16),"",(H16/105.5*5.5)) | L16: 9 | M16: Pepito | O16: =IF(ISBLANK(N16),"",('[3]FV. Pepito'!$H$19*N16)) | P16: =IF(ISBLANK(N16),"",('[3]FV. Pepito'!$H$20*N16)) | Q16: =IF(ISBLANK(N16),"",(O16/105.5*5.5)) | S16: 9 | T16: Financier | V16: =IF(ISBLANK(U16),"",('[3]FP. Financier'!H19*'CA. Fin de Journée'!U16)) | W16: =IF(ISBLANK(U16),"",('[3]FP. Financier'!H20*'CA. Fin de Journée'!U16)) | X16: =IF(ISBLANK(U16),"",(V16/105.5*5.5)) | Z16: 9 | AA16: Palette Lardon | AC16: =IF(ISBLANK(AB16),"",4.9*AB16) | AD16: =IF(ISBLANK(AB16),"",((AC16/110)*100)/100*60) | AE16: =IF(ISBLANK(AB16),"",(AC16/110*10)) | AG16: 9 | AH16: M Maid Pomme 3cl | AJ16: =IF(ISBLANK(AI16),"",('[3]AC. Epicerie'!BM3*AI16)) | AK16: =IF(ISBLANK(AI16),"",('[3]AC. Epicerie'!BN3*AI16)) | AL16: =IF(ISBLANK(AI16),"",(AJ16/120*20)) | AN16: 9
E17: 10 | F17: Trad Grai | H17: =IF(ISBLANK(G17),"",('[3]FB. Trad Graines'!H19*G17)) | I17: =IF(ISBLANK(G17),"",('[3]FB. Trad Graines'!H20*G17)) | J17: =IF(ISBLANK(G17),"",(H17/105.5*5.5)) | L17: 10 | M17: Palmier | O17: =IF(ISBLANK(N17),"",('[3]FV. Palmier'!$H$19*N17)) | P17: =IF(ISBLANK(N17),"",('[3]FV. Palmier'!$H$20*N17)) | Q17: =IF(ISBLANK(N17),"",(O17/105.5*5.5)) | S17: 10 | T17: Muffin Nat | X17: =IF(ISBLANK(U17),"",(V17/105.5*5.5)) | Z17: 10 | AA17: Fringale | AC17: =IF(ISBLANK(AB17),"",1.5*AB17) | AD17: =IF(ISBLANK(AB17),"",((AC17/110)*100)/100*60) | AE17: =IF(ISBLANK(AB17),"",(AC17/110*10)) | AG17: 10 | AH17: Ice Tea 33cl | AJ17: =IF(ISBLANK(AI17),"",('[3]AC. Epicerie'!Y3*AI17)) | AK17: =IF(ISBLANK(AI17),"",('[3]AC. Epicerie'!Z3*AI17)) | AL17: =IF(ISBLANK(AI17),"",(AJ17/120*20)) | AN17: 10
A18: Patisserie | B18: =SUM(V8:V1000) -> 0 | E18: 11 | F18: P. Boule Tr | H18: =IF(ISBLANK(G18),"",('[3]FB. Trad'!J25*'CA. Fin de Journée'!G18)) | I18: =IF(ISBLANK(G18),"",('[3]FB. Trad'!K25*'CA. Fin de Journée'!G18)) | J18: =IF(ISBLANK(G18),"",(H18/105.5*5.5)) | L18: 11 | M18: Chouquettes | O18: =IF(ISBLANK(N18),"",('[3]FV. Chouquette'!$H$19*N18)) | P18: =IF(ISBLANK(N18),"",('[3]FV. Chouquette'!$H$20*N18)) | Q18: =IF(ISBLANK(N18),"",(O18/105.5*5.5)) | S18: 11 | T18: Muffin Choco | X18: =IF(ISBLANK(U18),"",(V18/105.5*5.5)) | Z18: 11 | AA18: Bag Lardon | AC18: =IF(ISBLANK(AB18),"",2.9*AB18) | AD18: =IF(ISBLANK(AB18),"",((AC18/110)*100)/100*60) | AE18: =IF(ISBLANK(AB18),"",(AC18/110*10)) | AG18: 11 | AH18: Orangina 33cl | AJ18: =IF(ISBLANK(AI18),"",1.2*AI18) | AK18: =IF(ISBLANK(AI18),"",((AJ18/110)*100)/100*60) | AL18: =IF(ISBLANK(AI18),"",(AJ18/120*20)) | AN18: 11
E19: 12 | F19: G. Boule Tr | H19: =IF(ISBLANK(G19),"",('[3]FB. Trad'!J26*'CA. Fin de Journée'!G19)) | I19: =IF(ISBLANK(G19),"",('[3]FB. Trad'!K26*'CA. Fin de Journée'!G19)) | J19: =IF(ISBLANK(G19),"",(H19/105.5*5.5)) | L19: 12 | M19: Gache Brioche | O19: =IF(ISBLANK(N19),"",('[3]FV. Gache Brioche'!$H$19*N19)) | P19: =IF(ISBLANK(N19),"",('[3]FV. Gache Brioche'!$H$20*N19)) | Q19: =IF(ISBLANK(N19),"",(O19/105.5*5.5)) | S19: 12 | T19: Amandine | V19: =IF(ISBLANK(U19),"",('[3]FP. Amandine'!H19*U19)) | W19: =IF(ISBLANK(U19),"",('[3]FP. Amandine'!H20*U19)) | X19: =IF(ISBLANK(U19),"",(V19/105.5*5.5)) | Z19: 12 | AA19: Bag Lar / Olive | AC19: =IF(ISBLANK(AB19),"",2.5*AB19) | AD19: =IF(ISBLANK(AB19),"",((AC19/110)*100)/100*60) | AE19: =IF(ISBLANK(AB19),"",(AC19/110*10)) | AG19: 12 | AH19: Le Reveil | AJ19: =IF(ISBLANK(AI19),"",(1.6*AI19)) | AK19: =IF(ISBLANK(AI19),"",((1.6/100*14)*AI19)) | AL19: =IF(ISBLANK(AI19),"",(AJ19/120*20)) | AN19: 12
A20: Salé | B20: =SUM(AC8:AC1000) -> 0 | E20: 13 | F20: Caractere | H20: =IF(ISBLANK(G20),"",('[3]FB. Caractere'!H19*G20)) | I20: =IF(ISBLANK(G20),"",('[3]FB. Caractere'!H20*G20)) | J20: =IF(ISBLANK(G20),"",(H20/105.5*5.5)) | L20: 13 | M20: Briochette | O20: =IF(ISBLANK(N20),"",('[3]FV. Brioche'!$J$27*N20)) | P20: =IF(ISBLANK(N20),"",('[3]FV. Brioche'!$K$27*N20)) | Q20: =IF(ISBLANK(N20),"",(O20/105.5*5.5)) | S20: 13 | T20: Aman. Poire | V20: =IF(ISBLANK(U20),"",('[3]FP. Amandine Poire'!H19*U20)) | W20: =IF(ISBLANK(U20),"",('[3]FP. Amandine Poire'!H20*U20)) | X20: =IF(ISBLANK(U20),"",(V20/105.5*5.5)) | Z20: 13 | AA20: Q. Jambon | AC20: =IF(ISBLANK(AB20),"",2.5*AB20) | AD20: =IF(ISBLANK(AB20),"",((AC20/110)*100)/100*60) | AE20: =IF(ISBLANK(AB20),"",(AC20/110*10)) | AG20: 13 | AH20: Croute | AJ20: =IF(ISBLANK(AI20),"",(1.5*AI20)) | AK20: =IF(ISBLANK(AI20),"",(1.5*AI20)) | AL20: =IF(ISBLANK(AI20),"",(AJ20/120*20)) | AN20: 13
E21: 14 | F21: Condéen | H21: =IF(ISBLANK(G21),"",('[3]FB. Belle Arome'!H19*G21)) | I21: =IF(ISBLANK(G21),"",('[3]FB. Belle Arome'!H20*G21)) | J21: =IF(ISBLANK(G21),"",(H21/105.5*5.5)) | L21: 14 | M21: Brioche F Confit | O21: =IF(ISBLANK(N21),"",('[3]FV. Brioche'!$H$23*N21)) | P21: =IF(ISBLANK(N21),"",((O21/105.5*100)/100*75)) | Q21: =IF(ISBLANK(N21),"",(O21/105.5*5.5)) | S21: 14 | T21: Grillé Pomme | V21: =IF(ISBLANK(U21),"",('[3]FP. Grille pommes'!H19*U21)) | W21: =IF(ISBLANK(U21),"",('[3]FP. Grille pommes'!H20*U21)) | X21: =IF(ISBLANK(U21),"",(V21/105.5*5.5)) | Z21: 14 | AA21: Bag Fromage | AC21: =IF(ISBLANK(AB21),"",2.5*AB21) | AD21: =IF(ISBLANK(AB21),"",((AC21/110)*100)/100*60) | AE21: =IF(ISBLANK(AB21),"",(AC21/110*10)) | AG21: 14 | AH21: Bonbon | AJ21: =IF(ISBLANK(AI21),"",('[3]AC. Epicerie'!BC3*AI21)) | AK21: =IF(ISBLANK(AI21),"",('[3]AC. Epicerie'!BD3*AI21)) | AL21: =IF(ISBLANK(AI21),"",(AJ21/120*20)) | AN21: 14
A22: Epicerie | B22: =SUM(AJ8:AJ1000) -> 0 | E22: 15 | F22: Complet | H22: =IF(ISBLANK(G22),"",('[3]FB. Complet'!H19*G22)) | I22: =IF(ISBLANK(G22),"",('[3]FB. Complet'!H20*G22)) | J22: =IF(ISBLANK(G22),"",(H22/105.5*5.5)) | L22: 15 | M22: Brioche F Confit Poid | P22: =IF(ISBLANK(N22),"",((O22/105.5*100)/100*70)) | Q22: =IF(ISBLANK(N22),"",(O22/105.5*5.5)) | S22: 15 | T22: Tarte Fraise | V22: =IF(ISBLANK(U22),"",('[3]FP. Tarte Fraise'!H19*U22)) | W22: =IF(ISBLANK(U22),"",('[3]FP. Tarte Fraise'!H20*U22)) | X22: =IF(ISBLANK(U22),"",(V22/105.5*5.5)) | Z22: 15 | AA22: Croissant Jambon | AC22: =IF(ISBLANK(AB22),"",2.9*AB22) | AD22: =IF(ISBLANK(AB22),"",((AC22/110)*100)/100*60) | AE22: =IF(ISBLANK(AB22),"",(AC22/110*10)) | AG22: 15 | AH22: Cafe | AJ22: =IF(ISBLANK(AI22),"",1*AI22) | AK22: =IF(ISBLANK(AI22),"",((AJ22/110)*100)/100*60) | AL22: =IF(ISBLANK(AI22),"",(AJ22/120*20)) | AN22: 15
E23: 16 | F23: Skandina | H23: =IF(ISBLANK(G23),"",('[3]FB. Nordik'!H19*G23)) | I23: =IF(ISBLANK(G23),"",('[3]FB. Nordik'!H20*G23)) | J23: =IF(ISBLANK(G23),"",(H23/105.5*5.5)) | L23: 16 | M23: Pain Epices | O23: =IF(ISBLANK(N23),"",('[3]FP. Pain Epices'!$H$19*N23)) | P23: =IF(ISBLANK(N23),"",('[3]FP. Pain Epices'!$H$20*N23)) | Q23: =IF(ISBLANK(N23),"",(O23/105.5*5.5)) | S23: 16 | T23: Tarte Fine Pomme | V23: =IF(ISBLANK(U23),"",('[3]FP. Tarte Pomme Fine'!H19*U23)) | W23: =IF(ISBLANK(U23),"",('[3]FP. Tarte Pomme Fine'!H20*U23)) | X23: =IF(ISBLANK(U23),"",(V23/105.5*5.5)) | Z23: 16 | AA23: Entremet Saumon | AC23: =IF(ISBLANK(AB23),"",4.5*AB23) | AD23: =IF(ISBLANK(AB23),"",((AC23/110)*100)/100*60) | AE23: =IF(ISBLANK(AB23),"",(AC23/110*10)) | AG23: 16 | AH23: Oasis | AJ23: =IF(ISBLANK(AI23),"",1.2*AI23) | AK23: =IF(ISBLANK(AI23),"",((AJ23/110)*100)/100*60) | AL23: =IF(ISBLANK(AI23),"",(AJ23/120*20)) | AN23: 16
A24: Formule | B24: =SUM(AQ8:AQ1000) -> 0 | E24: 17 | F24: Campagne | H24: =IF(ISBLANK(G24),"",('[3]FB. Meule Campagne'!H19*G24)) | I24: =IF(ISBLANK(G24),"",('[3]FB. Meule Campagne'!H20*G24)) | J24: =IF(ISBLANK(G24),"",(H24/105.5*5.5)) | L24: 17 | M24: Pompe a Huile | O24: =IF(ISBLANK(N24),"",('[3]FV. Pompe a Huile'!$H$19*N24)) | P24: =IF(ISBLANK(N24),"",('[3]FV. Pompe a Huile'!$H$20*N24)) | Q24: =IF(ISBLANK(N24),"",(O24/105.5*5.5)) | S24: 17 | T24: Eclair Choco | V24: =IF(ISBLANK(U24),"",('[3]FP. Eclair'!H19*U24)) | W24: =IF(ISBLANK(U24),"",('[3]FP. Eclair'!H20*U24)) | X24: =IF(ISBLANK(U24),"",(V24/105.5*5.5)) | Z24: 17 | AA24: Bouchée a la Reine | AC24: =IF(ISBLANK(AB24),"",3.9*AB24) | AD24: =IF(ISBLANK(AB24),"",((AC24/110)*100)/100*60) | AE24: =IF(ISBLANK(AB24),"",(AC24/110*10)) | AG24: 17 | AH24: Schweppes Agrume | AJ24: =IF(ISBLANK(AI24),"",1.2*AI24) | AK24: =IF(ISBLANK(AI24),"",((AJ24/110)*100)/100*60) | AL24: =IF(ISBLANK(AI24),"",(AJ24/120*20)) | AN24: 17
E25: 18 | F25: Maïs | H25: =IF(ISBLANK(G25),"",('[3]FB. Maïs'!H19*'CA. Fin de Journée'!G25)) | I25: =IF(ISBLANK(G25),"",('[3]FB. Maïs'!H20*'CA. Fin de Journée'!G25)) | J25: =IF(ISBLANK(G25),"",(H25/105.5*5.5)) | L25: 18 | M25: Navette Pain Lait | O25: =IF(ISBLANK(N25),"",('[3]FV. Pain au lait'!$F$19*N25)) | P25: =IF(ISBLANK(N25),"",('[3]FV. Pain au lait'!$F$21*N25)) | Q25: =IF(ISBLANK(N25),"",(O25/105.5*5.5)) | S25: 18 | T25: 3 Chocolats | V25: =IF(ISBLANK(U25),"",('[3]FP. Entremet 3 Chocolats'!H19*U25)) | W25: =IF(ISBLANK(U25),"",('[3]FP. Entremet 3 Chocolats'!H20*U25)) | X25: =IF(ISBLANK(U25),"",(V25/105.5*5.5)) | Z25: 18 | AA25: Q. Thon | AC25: =IF(ISBLANK(AB25),"",2.5*AB25) | AD25: =IF(ISBLANK(AB25),"",((AC25/110)*100)/100*60) | AE25: =IF(ISBLANK(AB25),"",(AC25/110*10)) | AG25: 18 | AH25: Red Bull | AJ25: =IF(ISBLANK(AI25),"",1.9*AI25) | AK25: =IF(ISBLANK(AI25),"",((AJ25/110)*100)/100*60) | AL25: =IF(ISBLANK(AI25),"",(AJ25/120*20)) | AN25: 18
A26: Total Marge | B26: =I7+P7+W7+AD7+AK7+AR7 -> 0 | C26: CAht | E26: 19 | F26: Marin | H26: =IF(ISBLANK(G26),"",('[3]FB. Pain Marin'!H19*'CA. Fin de Journée'!G26)) | I26: =IF(ISBLANK(G26),"",('[3]FB. Pain Marin'!H20*'CA. Fin de Journée'!G26)) | J26: =IF(ISBLANK(G26),"",(H26/105.5*5.5)) | L26: 19 | M26: P. Lait Jap | O26: =IF(ISBLANK(N26),"",('[3]FV. Pain au lait Japonais'!$H$19*N26)) | P26: =IF(ISBLANK(N26),"",('[3]FV. Pain au lait Japonais'!$H$20*N26)) | Q26: =IF(ISBLANK(N26),"",(O26/105.5*5.5)) | S26: 19 | T26: Ba Framb/Choco Blanc | V26: =IF(ISBLANK(U26),"",('[3]FP. Bavarois Framboise Choco Bl'!H19*U26)) | W26: =IF(ISBLANK(U26),"",('[3]FP. Bavarois Framboise Choco Bl'!H20*U26)) | X26: =IF(ISBLANK(U26),"",(V26/105.5*5.5)) | Z26: 19 | AA26: Friand Saucisse | AC26: =IF(ISBLANK(AB26),"",3.5*AB26) | AD26: =IF(ISBLANK(AB26),"",((AC26/110)*100)/100*60) | AE26: =IF(ISBLANK(AB26),"",(AC26/110*10)) | AG26: 19 | AH26: Sucette | AJ26: =IF(ISBLANK(AI26),"",0.5*AI26) | AK26: =IF(ISBLANK(AI26),"",((AJ26/110)*100)/100*60) | AL26: =IF(ISBLANK(AI26),"",(AJ26/120*20)) | AN26: 19
A27: Total TVA | B27: =J7+Q7+X7+AE7+AL7+AS7 -> 0 | C27: =C13-B27 -> 0 | E27: 20 | F27: Gourmand | H27: =IF(ISBLANK(G27),"",('[3]FB. PI Punchy'!H19*'CA. Fin de Journée'!G27)) | I27: =IF(ISBLANK(G27),"",('[3]FB. PI Punchy'!H20*'CA. Fin de Journée'!G27)) | J27: =IF(ISBLANK(G27),"",(H27/105.5*5.5)) | L27: 20 | M27: P. Lait Jap Choco | O27: =IF(ISBLANK(N27),"",('[3]FV. Pain au lait Japonais Choco'!$H$19*N27)) | P27: =IF(ISBLANK(N27),"",('[3]FV. Pain au lait Japonais Choco'!$H$20*N27)) | Q27: =IF(ISBLANK(N27),"",(O27/105.5*5.5)) | S27: 20 | T27: Tar Frai 8p | V27: =IF(ISBLANK(U27),"",(18)) | W27: =IF(ISBLANK(U27),"",((V27/105.5*100)/100*70)) | X27: =IF(ISBLANK(U27),"",(V27/105.5*5.5)) | Z27: 20 | AA27: Croc Mr | AC27: =IF(ISBLANK(AB27),"",5.9*AB27) | AD27: =IF(ISBLANK(AB27),"",((AC27/110)*100)/100*60) | AE27: =IF(ISBLANK(AB27),"",(AC27/110*10)) | AG27: 20 | AH27: Bonbon Sachet | AJ27: =IF(ISBLANK(AI27),"",2*AI27) | AK27: =IF(ISBLANK(AI27),"",((AJ27/110)*100)/100*60) | AL27: =IF(ISBLANK(AI27),"",(AJ27/120*20)) | AN27: 20
E28: 21 | F28: Marbré | I28: =IF(ISBLANK(G28),"",((H28/105.5*100)/100*70)) | J28: =IF(ISBLANK(G28),"",(H28/105.5*5.5)) | L28: 21 | M28: Petit P.L.Jap Choco | O28: =IF(ISBLANK(N28),"",('[3]FV. Pain au lait Japonais'!$K$27*N28)) | P28: =IF(ISBLANK(N28),"",('[3]FV. Pain au lait Japonais'!$K$29*N28)) | Q28: =IF(ISBLANK(N28),"",(O28/105.5*5.5)) | S28: 21 | T28: Tarte Framboise | V28: =IF(ISBLANK(U28),"",('[3]FP. Tarte Framboise'!$H$19*U28)) | W28: =IF(ISBLANK(U28),"",('[3]FP. Tarte Framboise'!$H$20*U28)) | X28: =IF(ISBLANK(U28),"",(V28/105.5*5.5)) | Z28: 21 | AA28: Saucissette | AC28: =IF(ISBLANK(AB28),"",2.9*AB28) | AD28: =IF(ISBLANK(AB28),"",((AC28/110)*100)/100*60) | AE28: =IF(ISBLANK(AB28),"",(AC28/110*10)) | AG28: 21 | AH28: Coca 1,25L | AJ28: =IF(ISBLANK(AI28),"",3*AI28) | AK28: =IF(ISBLANK(AI28),"",((AJ28/110)*100)/100*60) | AL28: =IF(ISBLANK(AI28),"",(AJ28/120*20)) | AN28: 21
A29: Temps Matin | E29: 22 | F29: Abondant | H29: =IF(ISBLANK(G29),"",('[3]FB. Abondant'!H19*G29)) | I29: =IF(ISBLANK(G29),"",('[3]FB. Abondant'!H20*G29)) | J29: =IF(ISBLANK(G29),"",(H29/105.5*5.5)) | L29: 22 | M29: Cramique | O29: =IF(ISBLANK(N29),"",('[3]FV. Cramique'!$H$19*N29)) | P29: =IF(ISBLANK(N29),"",('[3]FV. Cramique'!$H$20*N29)) | Q29: =IF(ISBLANK(N29),"",(O29/105.5*5.5)) | S29: 22 | T29: Tropezienne | V29: =IF(ISBLANK(U29),"",('[3]FP. Tropezienne'!$H$19*U29)) | W29: =IF(ISBLANK(U29),"",('[3]FP. Tropezienne'!$H$20*U29)) | X29: =IF(ISBLANK(U29),"",(V29/105.5*5.5)) | Z29: 22 | AA29: Petit Four x12 | AC29: =IF(ISBLANK(AB29),"",2.4*AB29) | AD29: =IF(ISBLANK(AB29),"",((AC29/110)*100)/100*60) | AE29: =IF(ISBLANK(AB29),"",(AC29/110*10)) | AG29: 22 | AH29: Beaujolais | AJ29: =IF(ISBLANK(AI29),"",7.9*AI29) | AK29: =IF(ISBLANK(AI29),"",((AJ29/110)*100)/100*60) | AL29: =IF(ISBLANK(AI29),"",(AJ29/120*20)) | AN29: 22
A30: Temps Ap. Midi | E30: 23 | F30: Abondant Lardon | H30: =IF(ISBLANK(G30),"",('[3]FB. Abondant Lardon'!H19*G30)) | I30: =IF(ISBLANK(G30),"",('[3]FB. Abondant Lardon'!H20*G30)) | J30: =IF(ISBLANK(G30),"",(H30/105.5*5.5)) | L30: 23 | M30: Cramique Brioche | O30: =IF(ISBLANK(N30),"",('[3]FV. Cramique Brioche'!$H$19*N30)) | P30: =IF(ISBLANK(N30),"",('[3]FV. Cramique Brioche'!$H$20*N30)) | Q30: =IF(ISBLANK(N30),"",(O30/105.5*5.5)) | S30: 23 | T30: Eclair Cafe | V30: =IF(ISBLANK(U30),"",('[3]FP. Eclair'!H19*U30)) | W30: =IF(ISBLANK(U30),"",('[3]FP. Eclair'!H20*U30)) | X30: =IF(ISBLANK(U30),"",(V30/105.5*5.5)) | Z30: 23 | AA30: Navette Crabe | AC30: =IF(ISBLANK(AB30),"",1.1*AB30) | AD30: =IF(ISBLANK(AB30),"",((AC30/110)*100)/100*60) | AE30: =IF(ISBLANK(AB30),"",(AC30/110*10)) | AG30: 23 | AH30: Perier 33cl | AJ30: =IF(ISBLANK(AI30),"",1.2*AI30) | AK30: =IF(ISBLANK(AI30),"",((AJ30/110)*100)/100*60) | AL30: =IF(ISBLANK(AI30),"",(AJ30/120*20)) | AN30: 23
E31: 24 | F31: Abondant Olive | H31: =IF(ISBLANK(G31),"",('[3]FB. Abondant Olive'!H19*G31)) | I31: =IF(ISBLANK(G31),"",('[3]FB. Abondant Olive'!H20*G31)) | J31: =IF(ISBLANK(G31),"",(H31/105.5*5.5)) | L31: 24 | M31: Siffleur Abricot | O31: =IF(ISBLANK(N31),"",2.5*N31) | P31: =IF(ISBLANK(N31),"",((O31/110)*100)/100*70) | Q31: =IF(ISBLANK(N31),"",(O31/105.5*5.5)) | S31: 24 | T31: Tar Abri 8p | V31: =IF(ISBLANK(U31),"",19.9*U31) | W31: =IF(ISBLANK(U31),"",((V31/110)*100)/100*60) | X31: =IF(ISBLANK(U31),"",(V31/105.5*5.5)) | Z31: 24 | AA31: Pizza Vulcanello | AC31: =IF(ISBLANK(AB31),"",('[3]FS. Pizza Steack Mergez'!H19*AB31)) | AD31: =IF(ISBLANK(AB31),"",('[3]FS. Pizza Steack Mergez'!H20*AB31)) | AE31: =IF(ISBLANK(AB31),"",(AC31/110*10)) | AG31: 24 | AH31: Poule Lait 7cm | AJ31: =IF(ISBLANK(AI31),"",('[3]AC. Epicerie'!EO3*AI31)) | AK31: =IF(ISBLANK(AI31),"",('[3]AC. Epicerie'!EP3*AI31)) | AL31: =IF(ISBLANK(AI31),"",(AJ31/120*20)) | AN31: 24
E32: 25 | F32: D. P. Graine | H32: =IF(ISBLANK(G32),"",('[3]FB. Baguette Prestige'!J29*'CA. Fin de Journée'!G32)+1) | I32: =IF(ISBLANK(G32),"",('[3]FB. Baguette Prestige'!K29*'CA. Fin de Journée'!G32)+0.7) | J32: =IF(ISBLANK(G32),"",(H32/105.5*5.5)) | L32: 25 | M32: Torsade | O32: =IF(ISBLANK(N32),"",('[3]FV. Torsade'!$H$19*N32)) | P32: =IF(ISBLANK(N32),"",('[3]FV. Torsade'!$H$20*N32)) | Q32: =IF(ISBLANK(N32),"",(O32/105.5*5.5)) | S32: 25 | T32: Cookies | V32: =IF(ISBLANK(U32),"",('[3]FP. Cookies Francais'!$H$19*U32)) | W32: =IF(ISBLANK(U32),"",('[3]FP. Cookies Francais'!$H$20*U32)) | X32: =IF(ISBLANK(U32),"",(V32/105.5*5.5)) | Z32: 25 | AA32: Pizza Rimini | AC32: =IF(ISBLANK(AB32),"",('[3]FS. Pizza Chevre'!H19*AB32)) | AD32: =IF(ISBLANK(AB32),"",('[3]FS. Pizza Chevre'!H20*AB32)) | AE32: =IF(ISBLANK(AB32),"",(AC32/110*10)) | AG32: 25 | AH32: Œuf Lait 7cm | AJ32: =IF(ISBLANK(AI32),"",('[3]AC. Epicerie'!DZ3*AI32)) | AK32: =IF(ISBLANK(AI32),"",('[3]AC. Epicerie'!EA3*AI32)) | AL32: =IF(ISBLANK(AI32),"",(AJ32/120*20)) | AN32: 25
A33: Divers 1 | E33: 26 | F33: D. B. Trad Graine | H33: =IF(ISBLANK(G33),"",('[3]FB. Trad Graines'!H19*G33)*2) | I33: =IF(ISBLANK(G33),"",('[3]FB. Trad Graines'!H20*G33)*2) | J33: =IF(ISBLANK(G33),"",(H33/105.5*5.5)) | L33: 26 | M33: Brioche Bordelaise | O33: =IF(ISBLANK(N33),"",('[3]FV. Brioche Bordelaise'!$H$19*N33)) | P33: =IF(ISBLANK(N33),"",('[3]FV. Brioche Bordelaise'!$H$20*N33)) | Q33: =IF(ISBLANK(N33),"",(O33/105.5*5.5)) | S33: 26 | T33: Aman. Cerise | V33: =IF(ISBLANK(U33),"",('[3]FP. Amandine Cerise'!$H$19*U33)) | W33: =IF(ISBLANK(U33),"",('[3]FP. Amandine Cerise'!$H$20*U33)) | X33: =IF(ISBLANK(U33),"",(V33/105.5*5.5)) | Z33: 26 | AA33: Pizza Foggia | AC33: =IF(ISBLANK(AB33),"",('[3]FS. Pizza Poulet Moutarde Anc'!$H$19*AB33)) | AD33: =IF(ISBLANK(AB33),"",('[3]FS. Pizza Poulet Moutarde Anc'!$H$20*AB33)) | AE33: =IF(ISBLANK(AB33),"",(AC33/110*10)) | AG33: 26 | AH33: Cloche Noir 12,5cm | AJ33: =IF(ISBLANK(AI33),"",('[3]AC. Epicerie'!DP3*AI33)) | AK33: =IF(ISBLANK(AI33),"",('[3]AC. Epicerie'!DQ3*AI33)) | AL33: =IF(ISBLANK(AI33),"",(AJ33/120*20)) | AN33: 26
A34: Divers 2 | E34: 27 | F34: Bag Pavot | H34: =IF(ISBLANK(G34),"",('[3]FB. Bag Pavot'!$H$19*G34)) | I34: =IF(ISBLANK(G34),"",('[3]FB. Bag Pavot'!$H$20*G34)) | J34: =IF(ISBLANK(G34),"",(H34/105.5*5.5)) | L34: 27 | M34: Brioche Moulee | O34: =IF(ISBLANK(N34),"",('[3]FV. Brioche Moule'!$H$19*N34)) | P34: =IF(ISBLANK(N34),"",('[3]FV. Brioche Moule'!$H$20*N34)) | Q34: =IF(ISBLANK(N34),"",(O34/105.5*5.5)) | S34: 27 | T34: Tar Norm 8p | V34: =IF(ISBLANK(U34),"",13*U34) | W34: =IF(ISBLANK(U34),"",((V34/110)*100)/100*60) | X34: =IF(ISBLANK(U34),"",(V34/105.5*5.5)) | Z34: 27 | AA34: Pizza Vesuve | AC34: =IF(ISBLANK(AB34),"",('[3]FS. Pizza Chorizo Poulet'!$H$19*AB34)) | AD34: =IF(ISBLANK(AB34),"",('[3]FS. Pizza Chorizo Poulet'!$H$20*AB34)) | AE34: =IF(ISBLANK(AB34),"",(AC34/110*10)) | AG34: 27 | AH34: Poule Lait 12cm | AJ34: =IF(ISBLANK(AI34),"",('[3]AC. Epicerie'!EE3*AI34)) | AK34: =IF(ISBLANK(AI34),"",('[3]AC. Epicerie'!EF3*AI34)) | AL34: =IF(ISBLANK(AI34),"",(AJ34/120*20)) | AN34: 27
A35: Divers 3 | E35: 28 | F35: Bag Sesame | H35: =IF(ISBLANK(G35),"",('[3]FB. Bag Sesame'!H19*G35)) | I35: =IF(ISBLANK(G35),"",('[3]FB. Bag Sesame'!H20*G35)) | J35: =IF(ISBLANK(G35),"",(H35/105.5*5.5)) | L35: 28 | M35: Brioche Cacao | O35: =IF(ISBLANK(N35),"",('[3]FV. Brioche Cacao'!$H$19*N35)) | P35: =IF(ISBLANK(N35),"",('[3]FV. Brioche Cacao'!$H$20*N35)) | Q35: =IF(ISBLANK(N35),"",(O35/105.5*5.5)) | S35: 28 | T35: Tar Choco 8p | V35: =IF(ISBLANK(U35),"",19*U35) | W35: =IF(ISBLANK(U35),"",((V35/110)*100)/100*60) | X35: =IF(ISBLANK(U35),"",(V35/105.5*5.5)) | Z35: 28 | AA35: Pizza Temi | AC35: =IF(ISBLANK(AB35),"",('[3]FS. Pizza Thon'!$H$19*AB35)) | AD35: =IF(ISBLANK(AB35),"",('[3]FS. Pizza Thon'!$H$20*AB35)) | AE35: =IF(ISBLANK(AB35),"",(AC35/110*10)) | AG35: 28 | AH35: Poule Lait 17cm | AJ35: =IF(ISBLANK(AI35),"",('[3]AC. Epicerie'!EJ3*AI35)) | AK35: =IF(ISBLANK(AI35),"",('[3]AC. Epicerie'!EK3*AI35)) | AL35: =IF(ISBLANK(AI35),"",(AJ35/120*20)) | AN35: 28
A36: Divers 4 | E36: 29 | F36: Abondant Chorizo | H36: =IF(ISBLANK(G36),"",2.5*G36) | I36: =IF(ISBLANK(G36),"",((H36/110)*100)/100*70) | J36: =IF(ISBLANK(G36),"",(H36/105.5*5.5)) | L36: 29 | M36: Brioche Tressée 400g 2 branches | O36: =IF(ISBLANK(N36),"",('[3]FV. Brioche Moule'!$F$18*N36)) | P36: =IF(ISBLANK(N36),"",('[3]FV. Brioche Moule'!$F$19*N36)) | Q36: =IF(ISBLANK(N36),"",(O36/105.5*5.5)) | S36: 29 | T36: Tar Citr/Fram | V36: =IF(ISBLANK(U36),"",2.4*U36) | W36: =IF(ISBLANK(U36),"",((V36/110)*100)/100*60) | X36: =IF(ISBLANK(U36),"",(V36/105.5*5.5)) | Z36: 29 | AA36: Pizza Bambino | AC36: =IF(ISBLANK(AB36),"",('[3]FS. Pizza Bambino'!$H$19*AB36)) | AD36: =IF(ISBLANK(AB36),"",('[3]FS. Pizza Bambino'!$H$20*AB36)) | AE36: =IF(ISBLANK(AB36),"",(AC36/110*10)) | AG36: 29 | AH36: Poisson Lait 24cm | AJ36: =IF(ISBLANK(AI36),"",('[3]AC. Epicerie'!DU3*AI36)) | AK36: =IF(ISBLANK(AI36),"",('[3]AC. Epicerie'!DV3*AI36)) | AL36: =IF(ISBLANK(AI36),"",(AJ36/120*20)) | AN36: 29
A37: Divers 5 | E37: 30 | F37: Campagnard | H37: =IF(ISBLANK(G37),"",('[3]FB. Campagnard'!H19*G37)) | I37: =IF(ISBLANK(G37),"",('[3]FB. Campagnard'!H20*G37)) | J37: =IF(ISBLANK(G37),"",(H37/105.5*5.5)) | L37: 30 | M37: Brioche Praline Rose | O37: =IF(ISBLANK(N37),"",('[3]FV. Brioche Praline Rose'!$H$19*N37)) | P37: =IF(ISBLANK(N37),"",('[3]FV. Brioche Praline Rose'!$H$20*N37)) | Q37: =IF(ISBLANK(N37),"",(O37/105.5*5.5)) | S37: 30 | T37: Ba Fraise/Choco Blanc | V37: =IF(ISBLANK(U37),"",('[3]FP. Bavarois Framboise Choco Bl'!$H$19*U37)) | W37: =IF(ISBLANK(U37),"",('[3]FP. Bavarois Framboise Choco Bl'!$H$20*U37)) | X37: =IF(ISBLANK(U37),"",(V37/105.5*5.5)) | Z37: 30 | AA37: Q. Fromage | AC37: =IF(ISBLANK(AB37),"",('[3]FS. Quiche Fromage'!$H$19*AB37)) | AD37: =IF(ISBLANK(AB37),"",('[3]FS. Quiche Fromage'!$H$20*AB37)) | AE37: =IF(ISBLANK(AB37),"",(AC37/110*10)) | AG37: 30 | AH37: Poisson Noir 24cm | AJ37: =IF(ISBLANK(AI37),"",('[3]AC. Epicerie'!DU3*AI37)) | AK37: =IF(ISBLANK(AI37),"",('[3]AC. Epicerie'!DV3*AI37)) | AL37: =IF(ISBLANK(AI37),"",(AJ37/120*20)) | AN37: 30
A38: Divers Bis 1 | E38: 31 | F38: Brié | H38: =IF(ISBLANK(G38),"",('[3]FB. Brié'!$H$19*G38)) | I38: =IF(ISBLANK(G38),"",((H38/110)*100)/100*70) | J38: =IF(ISBLANK(G38),"",(H38/105.5*5.5)) | L38: 31 | M38: Brioche Choco Orange Confite | O38: =IF(ISBLANK(N38),"",('[3]FV. Brioche Choco Orange Confit'!$H$19*N38)) | P38: =IF(ISBLANK(N38),"",('[3]FV. Brioche Choco Orange Confit'!$H$20*N38)) | S38: 31 | T38: Tar Fine Abricot | V38: =IF(ISBLANK(U38),"",1.5*U38) | W38: =IF(ISBLANK(U38),"",((V38/105.5*100)/100*70)) | X38: =IF(ISBLANK(U38),"",(V38/105.5*5.5)) | Z38: 31 | AA38: Ficelle Lardon Comte | AC38: =IF(ISBLANK(AB38),"",('[3]FB. Ficelle Apero Lardon Comte'!$H$19*AB38)) | AD38: =IF(ISBLANK(AB38),"",('[3]FB. Ficelle Apero Lardon Comte'!$H$20*AB38)) | AG38: 31 | AH38: Charbon | AJ38: =IF(ISBLANK(AI38),"",('[3]AC. Epicerie'!ET3*AI38)) | AK38: =IF(ISBLANK(AI38),"",('[3]AC. Epicerie'!EU3*AI38)) | AL38: =IF(ISBLANK(AI38),"",(AJ38/120*20))
A39: Divers Bis 2 | E39: 32 | F39: Pain ecole | H39: =IF(ISBLANK(G39),"",(1*'CA. Fin de Journée'!G39)) | I39: =IF(ISBLANK(G39),"",(('[3]FB. Baguette Prestige'!K25*'CA. Fin de Journée'!G39))-0.1*G39) | J39: =IF(ISBLANK(G39),"",(H39/105.5*5.5)) | L39: 32 | M39: Stollen | O39: =IF(ISBLANK(N39),"",('[3]FV. Stollen'!$H$19*N39)) | P39: =IF(ISBLANK(N39),"",('[3]FV. Stollen'!$H$20*N39)) | S39: 32 | T39: Royal | V39: =IF(ISBLANK(U39),"",3.1*U39) | W39: =IF(ISBLANK(U39),"",((V39/105.5*100)/100*70)) | X39: =IF(ISBLANK(U39),"",(V39/105.5*5.5)) | Z39: 32 | AA39: Ficelle Chevre Miel | AC39: =IF(ISBLANK(AB39),"",('[3]FB. Ficelle Apero Chevre Miel'!$H$19*AB39)) | AD39: =IF(ISBLANK(AB39),"",('[3]FB. Ficelle Apero Chevre Miel'!$H$20*AB39)) | AG39: 32 | AH39: Monster | AJ39: =IF(ISBLANK(AI39),"",('[3]AC. Epicerie'!FD3*AI39)) | AK39: =IF(ISBLANK(AI39),"",('[3]AC. Epicerie'!FE3*AI39)) | AL39: =IF(ISBLANK(AI39),"",(AJ39/120*20))
A40: Divers Bis 3 | E40: 33 | F40: Meule Amande Raisin / Kg | I40: =IF(ISBLANK(G40),"",((H40/105.5*100)/100*70)) | J40: =IF(ISBLANK(G40),"",(H40/105.5*5.5)) | L40: 33 | M40: 1/2 Viennoise | O40: =IF(ISBLANK(N40),"",('[3]FV. Viennoise Mix'!H19*N40)) | P40: =IF(ISBLANK(N40),"",('[3]FV. Viennoise Mix'!H20*N40)) | S40: 33 | T40: Tarte Fine Peche | V40: =IF(ISBLANK(U40),"",1.5*U40) | W40: =IF(ISBLANK(U40),"",((V40/105.5*100)/100*70)) | X40: =IF(ISBLANK(U40),"",(V40/105.5*5.5)) | Z40: 33 | AA40: Fougasse Gache | AC40: =IF(ISBLANK(AB40),"",('[3]FS. Fougasse Gache'!$H$19*AB40)) | AD40: =IF(ISBLANK(AB40),"",('[3]FS. Fougasse Gache'!$H$20*AB40)) | AG40: 33 | AH40: Fanta Agrume | AJ40: =IF(ISBLANK(AI40),"",1.2*AI40) | AK40: =IF(ISBLANK(AI40),"",((AJ40/110)*100)/100*60) | AL40: =IF(ISBLANK(AI40),"",(AJ40/120*20))
A41: Divers Bis 4 | E41: 34 | F41: Meule Kg Noisette Cranberry | I41: =IF(ISBLANK(G41),"",((H41/110)*100)/100*70) | J41: =IF(ISBLANK(G41),"",(H41/105.5*5.5)) | L41: 34 | M41: 1/2 Vien Choco | O41: =IF(ISBLANK(N41),"",('[3]FV. Viennoise Choco Mix'!H19*N41)) | P41: =IF(ISBLANK(N41),"",('[3]FV. Viennoise Choco Mix'!H20*N41)) | S41: 34 | T41: 3 Choco 8p | V41: =IF(ISBLANK(U41),"",24*U41) | W41: =IF(ISBLANK(U41),"",((V41/105.5*100)/100*70)) | X41: =IF(ISBLANK(U41),"",(V41/105.5*5.5)) | Z41: 34 | AA41: Boule Lardon | AC41: =IF(ISBLANK(AB41),"",4.9*AB41) | AD41: =IF(ISBLANK(AB41),"",((AC41/105.5*100)/100*70)) | AG41: 34 | AH41: Heineken 50cl | AJ41: =IF(ISBLANK(AI41),"",2.5*AI41) | AK41: =IF(ISBLANK(AI41),"",((AJ41/110)*100)/100*60) | AL41: =IF(ISBLANK(AI41),"",(AJ41/120*20))
A42: Divers Bis 5 | E42: 35 | F42: Pain 2m | H42: =IF(ISBLANK(G42),"",('[3]FB. Baguette Prestige'!G25*G42)) | I42: =IF(ISBLANK(G42),"",('[3]FB. Baguette Prestige'!H25*G42)) | J42: =IF(ISBLANK(G42),"",(H42/105.5*5.5)) | L42: 35 | M42: Viennoise | O42: =IF(ISBLANK(N42),"",('[3]FV. Viennoise Mix'!H19*N42)) | P42: =IF(ISBLANK(N42),"",('[3]FV. Viennoise Mix'!H20*N42)) | S42: 35 | T42: Doigt de Sorciere x6 | V42: =IF(ISBLANK(U42),"",('[3]FP. Doigts Sorciere'!$H$19*U42)) | W42: =IF(ISBLANK(U42),"",('[3]FP. Doigts Sorciere'!$H$20*U42)) | X42: =IF(ISBLANK(U42),"",(V42/105.5*5.5)) | Z42: 35 | AA42: Tartiflette | AC42: =IF(ISBLANK(AB42),"",('[3]FS. Tartiflette'!$H$19*AB42)) | AD42: =IF(ISBLANK(AB42),"",('[3]FS. Tartiflette'!$H$20*AB42)) | AG42: 35 | AH42: 1664 50cl | AJ42: =IF(ISBLANK(AI42),"",2.5*AI42) | AK42: =IF(ISBLANK(AI42),"",((AJ42/110)*100)/100*60) | AL42: =IF(ISBLANK(AI42),"",(AJ42/120*20))
E43: 36 | F43: Pain 3 Livres | H43: =IF(ISBLANK(G43),"",('[3]FB. Baguette Prestige'!$G$30*G43)) | I43: =IF(ISBLANK(G43),"",('[3]FB. Baguette Prestige'!$H$30*G43)) | J43: =IF(ISBLANK(G43),"",(H43/105.5*5.5)) | L43: 36 | M43: Vien Choco | O43: =IF(ISBLANK(N43),"",('[3]FV. Viennoise Choco Mix'!H19*N43)) | P43: =IF(ISBLANK(N43),"",('[3]FV. Viennoise Choco Mix'!H20*N43)) | S43: 36 | T43: Tarte 8p Quetsche | V43: =IF(ISBLANK(U43),"",19.9*U43) | W43: =IF(ISBLANK(U43),"",((V43/105.5*100)/100*70)) | X43: =IF(ISBLANK(U43),"",(V43/105.5*5.5)) | Z43: 36 | AA43: Gratin de Pates | AC43: =IF(ISBLANK(AB43),"",('[3]FS. Gratin Pates 4 Fromage'!$H$19*AB43)) | AD43: =IF(ISBLANK(AB43),"",('[3]FS. Gratin Pates 4 Fromage'!$H$20*AB43)) | AG43: 36 | AH43: Maid F. Rouge | AJ43: =IF(ISBLANK(AI43),"",('[3]AC. Epicerie'!FI3*AI43)) | AK43: =IF(ISBLANK(AI43),"",('[3]AC. Epicerie'!FJ3*AI43)) | AL43: =IF(ISBLANK(AI43),"",(AJ43/120*20))
E44: 37 | F44: Biscottes | H44: =IF(ISBLANK(G44),"",1*G44) | I44: =IF(ISBLANK(G44),"",((H44/110)*100)/100*70) | J44: =IF(ISBLANK(G44),"",(H44/105.5*5.5)) | L44: 37 | M44: Genereux | O44: =IF(ISBLANK(N44),"",('[3]FV. Vien Seins Généreux'!$H$19*N44)) | P44: =IF(ISBLANK(N44),"",('[3]FV. Vien Seins Généreux'!$H$20*N44)) | S44: 37 | T44: Amandinr Choco | V44: =IF(ISBLANK(U44),"",('[3]FP. Amandine Chocolat'!$H$19*U44)) | W44: =IF(ISBLANK(U44),"",('[3]FP. Amandine Chocolat'!$H$20*U44)) | X44: =IF(ISBLANK(U44),"",(V44/105.5*5.5)) | Z44: 37 | AA44: Gougeres Chevre | AC44: =IF(ISBLANK(AB44),"",('[3]FS. Gougeres Mousse Chevre Miel'!$H$19*AB44)) | AD44: =IF(ISBLANK(AB44),"",('[3]FS. Gougeres Mousse Chevre Miel'!$H$20*AB44)) | AG44: 37 | AH44: Rose | AJ44: =IF(ISBLANK(AI44),"",8.9*AI44) | AK44: =IF(ISBLANK(AI44),"",((AJ44/110)*100)/100*60) | AL44: =IF(ISBLANK(AI44),"",(AJ44/120*20))
E45: 38 | F45: Fleur | H45: =IF(ISBLANK(G45),"",('[3]FB. Baguette Prestige'!$G$32*G45)) | I45: =IF(ISBLANK(G45),"",('[3]FB. Baguette Prestige'!$H$32*G45)) | J45: =IF(ISBLANK(G45),"",(H45/105.5*5.5)) | L45: 38 | M45: Pretentieux | O45: =IF(ISBLANK(N45),"",('[3]FV. Vien bite Pretentieux'!$H$19*N45)) | P45: =IF(ISBLANK(N45),"",('[3]FV. Vien bite Pretentieux'!$H$20*N45)) | S45: 38 | T45: Tarte Mirabelle | V45: =IF(ISBLANK(U45),"",('[3]FP. Tarte Mirabelle'!$H$19*U45)) | W45: =IF(ISBLANK(U45),"",('[3]FP. Tarte Mirabelle'!$H$20*U45)) | X45: =IF(ISBLANK(U45),"",(V45/105.5*5.5)) | Z45: 38 | AA45: Gougeres Lard | AC45: =IF(ISBLANK(AB45),"",('[3]FS. Gougeres Mousse de Lard'!$H$19*AB45)) | AD45: =IF(ISBLANK(AB45),"",('[3]FS. Gougeres Mousse de Lard'!$H$20*AB45)) | AG45: 38 | AH45: Cidre Brut | AJ45: =IF(ISBLANK(AI45),"",4.9*AI45) | AK45: =IF(ISBLANK(AI45),"",((AJ45/110)*100)/100*60) | AL45: =IF(ISBLANK(AI45),"",(AJ45/120*20))
E46: 39 | F46: P. Mie Nutri | H46: =IF(ISBLANK(G46),"",3.4*G46) | I46: =IF(ISBLANK(G46),"",((H46/110)*100)/100*70) | J46: =IF(ISBLANK(G46),"",(H46/105.5*5.5)) | S46: 39 | T46: Tarte Quetsche | V46: =IF(ISBLANK(U46),"",('[3]FP. Tarte Quetsche'!$H$19*U46)) | W46: =IF(ISBLANK(U46),"",('[3]FP. Tarte Quetsche'!$H$20*U46)) | X46: =IF(ISBLANK(U46),"",(V46/105.5*5.5)) | Z46: 39 | AA46: Prefou | AC46: =IF(ISBLANK(AB46),"",('[3]FS. Prefou'!$H$19*AB46)) | AD46: =IF(ISBLANK(AB46),"",('[3]FS. Prefou'!$H$20*AB46)) | AG46: 39 | AH46: Cidre Doux | AJ46: =IF(ISBLANK(AI46),"",4.9*AI46) | AK46: =IF(ISBLANK(AI46),"",((AJ46/110)*100)/100*60) | AL46: =IF(ISBLANK(AI46),"",(AJ46/120*20))
E47: 40 | F47: Pain 4 Livres | H47: =IF(ISBLANK(G47),"",('[3]FB. Baguette Prestige'!$G$29*G47)) | I47: =IF(ISBLANK(G47),"",('[3]FB. Baguette Prestige'!$H$29*G47)) | J47: =IF(ISBLANK(G47),"",(H47/105.5*5.5)) | S47: 40 | T47: Tarte 8p Poire | V47: =IF(ISBLANK(U47),"",19*U47) | W47: =IF(ISBLANK(U47),"",((V47/105.5*100)/100*70)) | X47: =IF(ISBLANK(U47),"",(V47/105.5*5.5)) | Z47: 40 | AA47: Prefou Garnis | AC47: =IF(ISBLANK(AB47),"",('[3]FS. Prefou'!$H$27*AB47)) | AD47: =IF(ISBLANK(AB47),"",('[3]FS. Prefou'!$I$27*AB47)) | AG47: 40 | AH47: Mouton Lait 10cm | AK47: =IF(ISBLANK(AI47),"",((AJ47/110)*100)/100*60) | AL47: =IF(ISBLANK(AI47),"",(AJ47/120*20))
E48: 41 | F48: Gache | H48: =IF(ISBLANK(G48),"",('[3]FB. Baguette Prestige'!$J$25*G48)) | I48: =IF(ISBLANK(G48),"",('[3]FB. Baguette Prestige'!$K$25*G48)) | J48: =IF(ISBLANK(G48),"",(H48/105.5*5.5)) | S48: 41 | T48: Tarte Caramel Noix | V48: =IF(ISBLANK(U48),"",('[3]FP. Tarte Caramel Miel Noix'!$H$19*U48)) | W48: =IF(ISBLANK(U48),"",('[3]FP. Tarte Caramel Miel Noix'!$H$20*U48)) | X48: =IF(ISBLANK(U48),"",(V48/105.5*5.5)) | Z48: 41 | AA48: Pain Surprise | AC48: =IF(ISBLANK(AB48),"",32*AB48) | AD48: =IF(ISBLANK(AB48),"",((AC48/105.5*100)/100*70)) | AG48: 41 | AH48: Vache Noir 12cm | AK48: =IF(ISBLANK(AI48),"",((AJ48/110)*100)/100*60) | AL48: =IF(ISBLANK(AI48),"",(AJ48/120*20))
E49: 42 | F49: PI Noix Noisette Raisin | H49: =IF(ISBLANK(G49),"",('[3]FB. PI Noix Noisette Raisin'!$H$19*G49)) | I49: =IF(ISBLANK(G49),"",('[3]FB. PI Noix Noisette Raisin'!$H$20*G49)) | J49: =IF(ISBLANK(G49),"",(H49/105.5*5.5)) | S49: 42 | T49: Tarte Peche | V49: =IF(ISBLANK(U49),"",('[3]FP. Tarte Peche'!$H$19*U49)) | W49: =IF(ISBLANK(U49),"",('[3]FP. Tarte Peche'!$H$20*U49)) | X49: =IF(ISBLANK(U49),"",(V49/105.5*5.5)) | Z49: 42 | AA49: Tarte Maroille | AC49: =IF(ISBLANK(AB49),"",('[3]FS. Tarte Maroille'!$H$19*AB49)) | AD49: =IF(ISBLANK(AB49),"",('[3]FS. Tarte Maroille'!$H$20*AB49)) | AG49: 42 | AH49: Elephant | AK49: =IF(ISBLANK(AI49),"",((AJ49/110)*100)/100*60) | AL49: =IF(ISBLANK(AI49),"",(AJ49/120*20))
E50: 43 | F50: Meteil Noix | H50: =IF(ISBLANK(G50),"",('[3]FB. Meteil'!$H$19*G50)) | I50: =IF(ISBLANK(G50),"",('[3]FB. Meteil'!$H$19*G50)) | J50: =IF(ISBLANK(G50),"",(H50/105.5*5.5)) | S50: 43 | T50: B. Fram Vani 6p | V50: =IF(ISBLANK(U50),"",('[3]FP. Buche Framboise'!$H$19*U50)*6) | W50: =IF(ISBLANK(U50),"",('[3]FP. Buche Framboise'!$H$20*U50)) | X50: =IF(ISBLANK(U50),"",(V50/105.5*5.5)) | Z50: 43 | AA50: Bag Appero s/Meule | AC50: =IF(ISBLANK(AB50),"",2.9*AB50) | AD50: =IF(ISBLANK(AB50),"",((AC50/110)*100)/100*60) | AG50: 43 | AH50: Caneton | AK50: =IF(ISBLANK(AI50),"",((AJ50/110)*100)/100*60) | AL50: =IF(ISBLANK(AI50),"",(AJ50/120*20))
E51: 44 | F51: PI Choco noir Orange Confite Noissette | H51: =IF(ISBLANK(G51),"",('[3]FB. PI Choco Orange confit Nois'!$H$19*G51)) | I51: =IF(ISBLANK(G51),"",('[3]FB. PI Choco Orange confit Nois'!$H$19*G51)) | J51: =IF(ISBLANK(G51),"",(H51/105.5*5.5)) | S51: 44 | T51: B. Beu. 1p | V51: =IF(ISBLANK(U51),"",2.7*U51) | W51: =IF(ISBLANK(U51),"",((V51/105.5*100)/100*70)) | X51: =IF(ISBLANK(U51),"",(V51/105.5*5.5)) | Z51: 44 | AA51: Roulé Roquefort Noix | AC51: =IF(ISBLANK(AB51),"",('[3]FS. Pain Roule Roquefort Noix'!$H$19*AB51)) | AD51: =IF(ISBLANK(AB51),"",('[3]FS. Pain Roule Roquefort Noix'!$H$20*AB51)) | AG51: 44 | AH51: Hypo | AK51: =IF(ISBLANK(AI51),"",((AJ51/110)*100)/100*60) | AL51: =IF(ISBLANK(AI51),"",(AJ51/120*20))
E52: 45 | F52: PI Oignon M. Ancienne | H52: =IF(ISBLANK(G52),"",('[3]FB. PI Oignon Frit Mout Ancienn'!$H$19*G52)) | I52: =IF(ISBLANK(G52),"",('[3]FB. PI Oignon Frit Mout Ancienn'!$H$19*G52)) | J52: =IF(ISBLANK(G52),"",(H52/105.5*5.5)) | S52: 45 | T52: B. Beu. Prali 6p | V52: =IF(ISBLANK(U52),"",20.9*U52) | W52: =IF(ISBLANK(U52),"",((V52/105.5*100)/100*70)) | X52: =IF(ISBLANK(U52),"",(V52/105.5*5.5)) | Z52: 45 | AA52: Roulé Chorizo | AC52: =IF(ISBLANK(AB52),"",('[3]FS. Pain Roule Chorizo'!$H$19*AB52)) | AD52: =IF(ISBLANK(AB52),"",('[3]FS. Pain Roule Chorizo'!$H$20*AB52)) | AG52: 45 | AH52: Desperados 50cl | AJ52: =IF(ISBLANK(AI52),"",3.5*AI52) | AK52: =IF(ISBLANK(AI52),"",((AJ52/110)*100)/100*60) | AL52: =IF(ISBLANK(AI52),"",(AJ52/120*20))
E53: 46 | F53: P. Tommate Confites | H53: =IF(ISBLANK(G53),"",('[3]FB. Tommate Confite'!$H$19*G53)) | I53: =IF(ISBLANK(G53),"",('[3]FB. Tommate Confite'!$H$19*G53)) | J53: =IF(ISBLANK(G53),"",(H53/105.5*5.5)) | S53: 46 | T53: Mini Amande Pistache | V53: =IF(ISBLANK(U53),"",1*U53) | W53: =IF(ISBLANK(U53),"",((V53/105.5*100)/100*70)) | X53: =IF(ISBLANK(U53),"",(V53/105.5*5.5)) | Z53: 46 | AA53: Ciabatta Olive Tomate | AC53: =IF(ISBLANK(AB53),"",('[3]FB. Ciabatta'!$H$19*AB53)) | AD53: =IF(ISBLANK(AB53),"",('[3]FB. Ciabatta'!$H$20*AB53)) | AG53: 46 | AH53: Maid Tropical | AJ53: =IF(ISBLANK(AI53),"",('[3]AC. Epicerie'!HQ3*AI53)) | AK53: =IF(ISBLANK(AI53),"",('[3]AC. Epicerie'!HR3*AI53)) | AL53: =IF(ISBLANK(AI53),"",(AJ53/120*20))
E54: 47 | F54: P. Vin Rosette Noix | H54: =IF(ISBLANK(G54),"",('[3]FB. Vin Rosette Noix'!$H$19*G54)) | I54: =IF(ISBLANK(G54),"",('[3]FB. Vin Rosette Noix'!$H$19*G54)) | J54: =IF(ISBLANK(G54),"",(H54/105.5*5.5)) | S54: 47 | T54: 3 Choco 6p | V54: =IF(ISBLANK(U54),"",18*U54) | W54: =IF(ISBLANK(U54),"",((V54/105.5*100)/100*70)) | X54: =IF(ISBLANK(U54),"",(V54/105.5*5.5)) | Z54: 47 | AA54: Ciabatta Chorizo | AC54: =IF(ISBLANK(AB54),"",('[3]FB. Ciabatta'!$H$19*AB54)) | AD54: =IF(ISBLANK(AB54),"",('[3]FB. Ciabatta'!$H$20*AB54)) | AG54: 47 | AH54: 7Up | AJ54: =IF(ISBLANK(AI54),"",('[3]AC. Epicerie'!GH3*AI54)) | AK54: =IF(ISBLANK(AI54),"",('[3]AC. Epicerie'!GI3*AI54)) | AL54: =IF(ISBLANK(AI54),"",(AJ54/120*20))
E55: 48 | F55: PI Miel Amande Noisette | H55: =IF(ISBLANK(G55),"",('[3]FB. PI Miel Amande Noisette'!$H$19*G55)) | I55: =IF(ISBLANK(G55),"",('[3]FB. PI Miel Amande Noisette'!$H$19*G55)) | J55: =IF(ISBLANK(G55),"",(H55/105.5*5.5)) | S55: 48 | T55: B. Beu Caramel 4p | V55: =IF(ISBLANK(U55),"",14.9*U55) | W55: =IF(ISBLANK(U55),"",((V55/105.5*100)/100*70)) | X55: =IF(ISBLANK(U55),"",(V55/105.5*5.5)) | Z55: 48 | AA55: Ciabatta Fromage | AC55: =IF(ISBLANK(AB55),"",('[3]FB. Ciabatta'!$H$19*AB55)) | AD55: =IF(ISBLANK(AB55),"",('[3]FB. Ciabatta'!$H$20*AB55)) | AG55: 48 | AH55: Mikado | AJ55: =AI55*1.5 -> 0 | AK55: =IF(ISBLANK(AI55),"",((AJ55/110)*100)/100*60) | AL55: =IF(ISBLANK(AI55),"",(AJ55/120*20))
E56: 49 | F56: PI Lardon Pruneaux | H56: =IF(ISBLANK(G56),"",('[3]FB. PI Lardon Pruneaux'!$H$19*G56)) | I56: =IF(ISBLANK(G56),"",('[3]FB. PI Lardon Pruneaux'!$H$19*G56)) | J56: =IF(ISBLANK(G56),"",(H56/105.5*5.5)) | S56: 49 | T56: B. Beu Cafe 8p | V56: =IF(ISBLANK(U56),"",28.9*U56) | W56: =IF(ISBLANK(U56),"",((V56/105.5*100)/100*70)) | X56: =IF(ISBLANK(U56),"",(V56/105.5*5.5)) | Z56: 49 | AA56: Roulé Chorizo | AC56: =IF(ISBLANK(AB56),"",('[3]FS. Pain Roule Thon'!$H$19*AB56)) | AD56: =IF(ISBLANK(AB56),"",('[3]FS. Pain Roule Thon'!$H$20*AB56)) | AG56: 49 | AH56: 7up Mojito | AJ56: =IF(ISBLANK(AI56),"",1.2*AI56) | AK56: =IF(ISBLANK(AI56),"",((AJ56/110)*100)/100*60) | AL56: =IF(ISBLANK(AI56),"",(AJ56/120*20))
E57: 50 | F57: Figue Chataigne | H57: =IF(ISBLANK(G57),"",('[3]FB. Figue Chataigne'!$H$19*G57)) | I57: =IF(ISBLANK(G57),"",('[3]FB. Figue Chataigne'!$H$20*G57)) | J57: =IF(ISBLANK(G57),"",(H57/105.5*5.5)) | S57: 50 | T57: B. Beu Choco 6p | V57: =IF(ISBLANK(U57),"",2.7*6*U57) | W57: =IF(ISBLANK(U57),"",((V57/105.5*100)/100*70)) | X57: =IF(ISBLANK(U57),"",(V57/105.5*5.5)) | AL57: =IF(ISBLANK(AI57),"",(AJ57/120*20))
E58: 51 | F58: Petit Pain 60g | H58: =IF(ISBLANK(G58),"",('[3]FB. Baguette Prestige'!$G$31*G58)) | I58: =IF(ISBLANK(G58),"",('[3]FB. Baguette Prestige'!$H$31*G58)) | J58: =IF(ISBLANK(G58),"",(H58/105.5*5.5)) | S58: 51 | T58: B.Fram Vani 12p | V58: =IF(ISBLANK(U58),"",54.9*U58) | W58: =IF(ISBLANK(U58),"",((V58/105.5*100)/100*70)) | X58: =IF(ISBLANK(U58),"",(V58/105.5*5.5)) | AL58: =IF(ISBLANK(AI58),"",(AJ58/120*20))
E59: 52 | F59: Seigle | H59: =IF(ISBLANK(G59),"",('[3]FB. Seigle & Citron'!$F$19*G59)) | I59: =IF(ISBLANK(G59),"",('[3]FB. Seigle & Citron'!$F$21*G59)) | J59: =IF(ISBLANK(G59),"",(H59/105.5*5.5)) | S59: 52 | T59: B. Beu Choco 8p | V59: =IF(ISBLANK(U59),"",2.7*8*U59) | W59: =IF(ISBLANK(U59),"",((V59/105.5*100)/100*70)) | X59: =IF(ISBLANK(U59),"",(V59/105.5*5.5)) | AL59: =IF(ISBLANK(AI59),"",(AJ59/120*20))
E60: 53 | F60: Seigle Citron | H60: =IF(ISBLANK(G60),"",('[3]FB. Seigle & Citron'!$H$19*G60)) | I60: =IF(ISBLANK(G60),"",('[3]FB. Seigle & Citron'!$H$20*G60)) | J60: =IF(ISBLANK(G60),"",(H60/105.5*5.5)) | S60: 53 | T60: B. Beu Choco 15p | V60: =IF(ISBLANK(U60),"",54.9*U60) | W60: =IF(ISBLANK(U60),"",((V60/105.5*100)/100*70)) | X60: =IF(ISBLANK(U60),"",(V60/105.5*5.5)) | AL60: =IF(ISBLANK(AI60),"",(AJ60/120*20))
E61: 54 | F61: P. Brio Figue | H61: =IF(ISBLANK(G61),"",('[3]FB. Brioche Foie Gras'!$H$19*G61)) | I61: =IF(ISBLANK(G61),"",('[3]FB. Brioche Foie Gras'!$H$20*G61)) | J61: =IF(ISBLANK(G61),"",(H61/105.5*5.5)) | S61: 54 | T61: B. Choco Poire 1p | V61: =IF(ISBLANK(U61),"",3.5*U61) | W61: =IF(ISBLANK(U61),"",((V61/105.5*100)/100*70)) | X61: =IF(ISBLANK(U61),"",(V61/105.5*5.5)) | AL61: =IF(ISBLANK(AI61),"",(AJ61/120*20))
E62: 55 | F62: P. Brio | H62: =IF(ISBLANK(G62),"",('[3]FB. Brioche Foie Gras'!$F$19*G62)) | I62: =IF(ISBLANK(G62),"",('[3]FB. Brioche Foie Gras'!$F$21*G62)) | J62: =IF(ISBLANK(G62),"",(H62/105.5*5.5)) | S62: 55 | T62: B. Beu G. Marnier 6p | V62: =IF(ISBLANK(U62),"",20.9*U62) | W62: =IF(ISBLANK(U62),"",((V62/105.5*100)/100*70)) | X62: =IF(ISBLANK(U62),"",(V62/105.5*5.5)) | AL62: =IF(ISBLANK(AI62),"",(AJ62/120*20))
E63: 56 | F63: Tourte Epice | H63: =IF(ISBLANK(G63),"",('[3]FB. Tourte Seigle Epices'!$H$19*G63)) | I63: =IF(ISBLANK(G63),"",('[3]FB. Tourte Seigle Epices'!$H$20*G63)) | J63: =IF(ISBLANK(G63),"",(H63/105.5*5.5)) | S63: 56 | T63: Galette 6p | V63: =IF(ISBLANK(U63),"",('[3]FP. Galette des Rois 6p'!$H$19*U63)) | W63: =IF(ISBLANK(U63),"",('[3]FP. Galette des Rois 6p'!$H$20*U63)) | X63: =IF(ISBLANK(U63),"",(V63/105.5*5.5)) | AL63: =IF(ISBLANK(AI63),"",(AJ63/120*20))
E64: 57 | F64: Meteil Noix | H64: =IF(ISBLANK(G64),"",('[3]FB. Meteil'!$F$19*G64)) | I64: =IF(ISBLANK(G64),"",('[3]FB. Meteil'!$F$21*G64)) | J64: =IF(ISBLANK(G64),"",(H64/105.5*5.5)) | S64: 57 | T64: Galette 8p | V64: =IF(ISBLANK(U64),"",('[3]FP. Galette des Rois 8p'!$H$19*U64)) | W64: =IF(ISBLANK(U64),"",('[3]FP. Galette des Rois 8p'!$H$20*U64)) | X64: =IF(ISBLANK(U64),"",(V64/105.5*5.5)) | AL64: =IF(ISBLANK(AI64),"",(AJ64/120*20))
E65: 58 | F65: Pain Fromage | H65: =IF(ISBLANK(G65),"",('[3]FB. Fromage'!$H$19*G65)) | I65: =IF(ISBLANK(G65),"",('[3]FB. Fromage'!$H$20*G65)) | J65: =IF(ISBLANK(G65),"",(H65/105.5*5.5)) | S65: 58 | T65: Galette 1p | V65: =IF(ISBLANK(U65),"",('[3]FP. Galette des Rois'!$H$19*U65)) | W65: =IF(ISBLANK(U65),"",('[3]FP. Galette des Rois'!$H$20*U65)) | X65: =IF(ISBLANK(U65),"",(V65/105.5*5.5)) | AL65: =IF(ISBLANK(AI65),"",(AJ65/120*20))
E66: 59 | F66: Rustique | I66: =IF(ISBLANK(G66),"",('[3]FB. Compagnon'!$H$20*G66)) | J66: =IF(ISBLANK(G66),"",(H66/105.5*5.5)) | S66: 59 | T66: Diplomate Choco | V66: =IF(ISBLANK(U66),"",('[3]FP. Diplomate Chocolat'!$H$19*U66)) | W66: =IF(ISBLANK(U66),"",('[3]FP. Diplomate Chocolat'!$H$20*U66)) | X66: =IF(ISBLANK(U66),"",(V66/105.5*5.5)) | AL66: =IF(ISBLANK(AI66),"",(AJ66/120*20))
E67: 60 | F67: Pain 1M | H67: =IF(ISBLANK(G67),"",('[3]FB. Baguette Prestige'!$G$27*G67)) | I67: =IF(ISBLANK(G67),"",('[3]FB. Baguette Prestige'!$H$27*G67)) | J67: =IF(ISBLANK(G67),"",(H67/105.5*5.5)) | S67: 60 | T67: Galette Poire 6p | V67: =IF(ISBLANK(U67),"",('[3]FP. Galette des Rois 6p'!$H$19*U67)+2) | W67: =IF(ISBLANK(U67),"",('[3]FP. Galette des Rois 6p'!$H$20*U67)) | X67: =IF(ISBLANK(U67),"",(V67/105.5*5.5)) | AL67: =IF(ISBLANK(AI67),"",(AJ67/120*20))
E68: 61 | F68: PI Choco B Cranberry | H68: =IF(ISBLANK(G68),"",('[3]FB. PI Chocolat Blanc Cranberry'!$H$19*G68)) | I68: =IF(ISBLANK(G68),"",('[3]FB. PI Chocolat Blanc Cranberry'!$H$20*G68)) | J68: =IF(ISBLANK(G68),"",(H68/105.5*5.5)) | S68: 61 | T68: Galette Chocolat 6p | V68: =IF(ISBLANK(U68),"",('[3]FP. Galette des Rois 6p'!$H$19*U68)+2) | W68: =IF(ISBLANK(U68),"",('[3]FP. Galette des Rois 6p'!$H$20*U68)) | X68: =IF(ISBLANK(U68),"",(V68/105.5*5.5)) | AL68: =IF(ISBLANK(AI68),"",(AJ68/120*20))
E69: 62 | F69: Pain Mie | H69: =IF(ISBLANK(G69),"",('[3]FB. Pain de Mie'!$H$19*G69)) | I69: =IF(ISBLANK(G69),"",('[3]FB. Pain de Mie'!$H$20*G69)) | J69: =IF(ISBLANK(G69),"",(H69/105.5*5.5)) | S69: 62 | T69: Cacke Nature | V69: =IF(ISBLANK(U69),"",('[3]FP. Cake Nature'!$H$19*U69)) | W69: =IF(ISBLANK(U69),"",('[3]FP. Cake Nature'!$H$20*U69)) | X69: =IF(ISBLANK(U69),"",(V69/105.5*5.5)) | AL69: =IF(ISBLANK(AI69),"",(AJ69/120*20))
E70: 63 | F70: Pointue | H70: =IF(ISBLANK(G70),"",('[3]FB. Baguette Prestige'!J28*G70)) | I70: =IF(ISBLANK(G70),"",('[3]FB. Baguette Prestige'!K28*G70)) | J70: =IF(ISBLANK(G70),"",(H70/105.5*5.5)) | S70: 63 | T70: Cake Chocolat | V70: =IF(ISBLANK(U70),"",('[3]FP. Cake Chocolat Orange'!$H$19*U70)) | W70: =IF(ISBLANK(U70),"",('[3]FP. Cake Chocolat Orange'!$H$20*U70)) | X70: =IF(ISBLANK(U70),"",(V70/105.5*5.5)) | AL70: =IF(ISBLANK(AI70),"",(AJ70/120*20))
E71: 64 | F71: Paysant | I71: =IF(ISBLANK(G71),"",((H71/105.5*100)/100*70)) | J71: =IF(ISBLANK(G71),"",(H71/105.5*5.5)) | S71: 64 | T71: Cake Fruit Confit | V71: =IF(ISBLANK(U71),"",('[3]FP. Cake Nature'!$F$19*U71)) | W71: =IF(ISBLANK(U71),"",('[3]FP. Cake Nature'!$F$20*U71)) | X71: =IF(ISBLANK(U71),"",(V71/105.5*5.5)) | AL71: =IF(ISBLANK(AI71),"",(AJ71/120*20))
E72: 65 | F72: Baneton | H72: =IF(ISBLANK(G72),"",('[3]FB. Trad'!J27*'CA. Fin de Journée'!G72)) | I72: =IF(ISBLANK(G72),"",('[3]FB. Trad'!K27*'CA. Fin de Journée'!G72)) | J72: =IF(ISBLANK(G72),"",(H72/105.5*5.5)) | S72: 65 | T72: Paris Brest | V72: =IF(ISBLANK(U72),"",('[3]FP. Paris Brest'!$H$19*U72)) | W72: =IF(ISBLANK(U72),"",('[3]FP. Paris Brest'!$H$20*U72)) | X72: =IF(ISBLANK(U72),"",(V72/105.5*5.5)) | AL72: =IF(ISBLANK(AI72),"",(AJ72/120*20))
E73: 66 | F73: Medieval | H73: =IF(ISBLANK(G73),"",('[3]FB. Medieval'!H19*G73)) | I73: =IF(ISBLANK(G73),"",('[3]FB. Medieval'!H20*G73)) | J73: =IF(ISBLANK(G73),"",(H73/105.5*5.5)) | S73: 66 | T73: Petit Cœur St Val Framboise | V73: =IF(ISBLANK(U73),"",3.9*U73) | W73: =IF(ISBLANK(U73),"",((V73/105.5*100)/100*70)) | X73: =IF(ISBLANK(U73),"",(V73/105.5*5.5)) | AL73: =IF(ISBLANK(AI73),"",(AJ73/120*20))
E74: 67 | F74: PI Olive | I74: =IF(ISBLANK(G74),"",((H74/105.5*100)/100*70)) | J74: =IF(ISBLANK(G74),"",(H74/105.5*5.5)) | S74: 67 | T74: Gros Cœur St Val Framboise | V74: =IF(ISBLANK(U74),"",20.9*U74) | W74: =IF(ISBLANK(U74),"",((V74/105.5*100)/100*70)) | X74: =IF(ISBLANK(U74),"",(V74/105.5*5.5)) | AL74: =IF(ISBLANK(AI74),"",(AJ74/120*20))
E75: 68 | F75: Bag Collier | H75: =IF(ISBLANK(G75),"",('[3]FB. Baguette Prestige'!J28*G75)) | I75: =IF(ISBLANK(G75),"",('[3]FB. Baguette Prestige'!K28*G75)) | J75: =IF(ISBLANK(G75),"",(H75/105.5*5.5)) | S75: 68 | T75: Clafoutis | V75: =IF(ISBLANK(U75),"",('[3]FP. Clafoutis'!$H$19*U75)) | W75: =IF(ISBLANK(U75),"",('[3]FP. Clafoutis'!$H$20*U75)) | X75: =IF(ISBLANK(U75),"",(V75/105.5*5.5))
E76: 69 | F76: Baguette Magique | H76: =IF(ISBLANK(G76),"",('[3]FB. Baguette Prestige'!J26*G76)) | I76: =IF(ISBLANK(G76),"",('[3]FB. Baguette Prestige'!K26*G76)) | J76: =IF(ISBLANK(G76),"",(H76/105.5*5.5)) | S76: 69 | T76: 4 Quarts | V76: =IF(ISBLANK(U76),"",('[3]FP. Quatre Quarts'!$H$19*U76)) | W76: =IF(ISBLANK(U76),"",('[3]FP. Quatre Quarts'!$H$20*U76)) | X76: =IF(ISBLANK(U76),"",(V76/105.5*5.5))
E77: 70 | F77: Pain Lardon Olive Noir | I77: =IF(ISBLANK(G77),"",((H77/105.5*100)/100*70)) | J77: =IF(ISBLANK(G77),"",(H77/105.5*5.5)) | S77: 70 | T77: Tarte Poire 6p | V77: =IF(ISBLANK(U77),"",('[3]FP. Tarte Poire 6p'!$H$19*U77)) | W77: =IF(ISBLANK(U77),"",('[3]FP. Tarte Poire 6p'!$H$20*U77)) | X77: =IF(ISBLANK(U77),"",(V77/105.5*5.5))
E78: 71 | F78: Pave Chorizo | H78: =IF(ISBLANK(G78),"",('[3]FB. Pave Chorizo'!H19*G78)) | I78: =IF(ISBLANK(G78),"",('[3]FB. Pave Chorizo'!H20*G78)) | J78: =IF(ISBLANK(G78),"",(H78/105.5*5.5)) | S78: 71 | T78: Tarte Abricot 6p | V78: =IF(ISBLANK(U78),"",('[3]FP. Tarte Abricot 6p'!$H$19*U78)) | W78: =IF(ISBLANK(U78),"",('[3]FP. Tarte Abricot 6p'!$H$20*U78)) | X78: =IF(ISBLANK(U78),"",(V78/105.5*5.5))
E79: 72 | F79: Pain Lardon Pruneaux Kg | I79: =IF(ISBLANK(G79),"",((H79/105.5*100)/100*70)) | J79: =IF(ISBLANK(G79),"",(H79/105.5*5.5)) | S79: 72 | T79: Royal 6p | V79: =IF(ISBLANK(U79),"",('[3]FP. Royal'!$F$19*U79)) | W79: =IF(ISBLANK(U79),"",('[3]FP. Royal'!$F$20*U79)) | X79: =IF(ISBLANK(U79),"",(V79/105.5*5.5))
E80: 73 | F80: Pave TG | H80: =IF(ISBLANK(G80),"",('[3]FB. Trad Graines'!F21*G80)) | I80: =IF(ISBLANK(G80),"",('[3]FB. Trad Graines'!F22*G80)) | J80: =IF(ISBLANK(G80),"",(H80/105.5*5.5)) | S80: 73 | T80: Charlotte Framboise | V80: =IF(ISBLANK(U80),"",('[3]FP. Charlotte Framboise'!$H$19*U80)) | W80: =IF(ISBLANK(U80),"",('[3]FP. Charlotte Framboise'!$H$20*U80)) | X80: =IF(ISBLANK(U80),"",(V80/105.5*5.5))
E81: 74 | F81: Tourte | H81: =IF(ISBLANK(G81),"",('[3]FB. Tourte Seigle Miel'!H19*G81)) | I81: =IF(ISBLANK(G81),"",('[3]FB. Tourte Seigle Miel'!H20*G81)) | J81: =IF(ISBLANK(G81),"",(H81/105.5*5.5)) | S81: 74 | T81: Tarte Cara Exotique | V81: =IF(ISBLANK(U81),"",('[3]FP. Tarte Caramel Exotique'!$H$19*U81)) | W81: =IF(ISBLANK(U81),"",('[3]FP. Tarte Caramel Exotique'!$H$20*U81)) | X81: =IF(ISBLANK(U81),"",(V81/105.5*5.5))
E82: 75 | F82: C. 3 Farines | H82: =IF(ISBLANK(G82),"",('[3]FB. Campagne 3 Farines Poolish'!$H$19*G82)) | I82: =IF(ISBLANK(G82),"",('[3]FB. Campagne 3 Farines Poolish'!$H$20*G82)) | J82: =IF(ISBLANK(G82),"",(H82/105.5*5.5)) | S82: 75 | T82: Tarte G Mere | V82: =IF(ISBLANK(U82),"",('[3]FP. Tarte Grand Mere'!$H$19*U82)) | W82: =IF(ISBLANK(U82),"",('[3]FP. Tarte Grand Mere'!$H$20*U82)) | X82: =IF(ISBLANK(U82),"",(V82/105.5*5.5))
E83: 76 | F83: Pain Noix | H83: =IF(ISBLANK(G83),"",('[3]FB. Pain aux Noix'!$H$19*G83)) | I83: =IF(ISBLANK(G83),"",('[3]FB. Pain aux Noix'!$H$20*G83)) | J83: =IF(ISBLANK(G83),"",(H83/105.5*5.5)) | S83: 76 | T83: Entremet Framboise | V83: =IF(ISBLANK(U83),"",('[3]FP. Entremet Framboise'!$H$19*U83)) | W83: =IF(ISBLANK(U83),"",('[3]FP. Entremet Framboise'!$H$20*U83)) | X83: =IF(ISBLANK(U83),"",(V83/105.5*5.5))
E84: 77 | F84: Pain Cacao | H84: =IF(ISBLANK(G84),"",('[3]FB. Pain Cacao'!$H$19*G84)) | I84: =IF(ISBLANK(G84),"",('[3]FB. Pain Cacao'!$H$20*G84)) | J84: =IF(ISBLANK(G84),"",(H84/105.5*5.5)) | S84: 77 | T84: Royal 8p | V84: =IF(ISBLANK(U84),"",('[3]FP. Royal'!$F$16*U84)) | W84: =IF(ISBLANK(U84),"",('[3]FP. Royal'!$F$17*U84)) | X84: =IF(ISBLANK(U84),"",(V84/105.5*5.5))
E85: 78 | F85: Pain Comte | H85: =IF(ISBLANK(G85),"",('[3]FB. Pain Au Comte'!$H$19*G85)) | I85: =IF(ISBLANK(G85),"",('[3]FB. Pain Au Comte'!$H$20*G85)) | J85: =IF(ISBLANK(G85),"",(H85/105.5*5.5)) | S85: 78 | T85: Entremet Framboise 8p | V85: =IF(ISBLANK(U85),"",('[3]FP. Entremet Framboise'!$K$31*U85)) | W85: =IF(ISBLANK(U85),"",('[3]FP. Entremet Framboise'!$K$32*U85)) | X85: =IF(ISBLANK(U85),"",(V85/105.5*5.5))
E86: 79 | F86: Abondant Graine | H86: =IF(ISBLANK(G86),"",('[3]FB. Abondant Graines'!$H$19*G86)) | I86: =IF(ISBLANK(G86),"",('[3]FB. Abondant Graines'!$H$20*G86)) | J86: =IF(ISBLANK(G86),"",(H86/105.5*5.5)) | S86: 79 | T86: Eclair Framboise | V86: =IF(ISBLANK(U86),"",('[3]FP. Eclair Framboise'!$H$19*U86)) | W86: =IF(ISBLANK(U86),"",('[3]FP. Eclair Framboise'!$H$20*U86)) | X86: =IF(ISBLANK(U86),"",(V86/105.5*5.5))
E87: 80 | F87: Noisette Raisin | H87: =IF(ISBLANK(G87),"",('[3]FB. Pain Noisette Raisin'!$H$19*G87)) | I87: =IF(ISBLANK(G87),"",('[3]FB. Pain Noisette Raisin'!$H$20*G87)) | J87: =IF(ISBLANK(G87),"",(H87/105.5*5.5)) | S87: 80 | T87: Eclair Vanille | V87: =IF(ISBLANK(U87),"",('[3]FP. Eclair'!$H$19*U87)) | W87: =IF(ISBLANK(U87),"",('[3]FP. Eclair'!$H$20*U87)) | X87: =IF(ISBLANK(U87),"",(V87/105.5*5.5))
E88: 81 | F88: Meule Kg | I88: =IF(ISBLANK(G88),"",((H88/105.5*100)/100*70)) | J88: =IF(ISBLANK(G88),"",(H88/105.5*5.5)) | S88: 81 | T88: Panna Cotta Caramel | V88: =IF(ISBLANK(U88),"",('[3]FP. Panna Cotta Caramel'!$H$19*U88)) | W88: =IF(ISBLANK(U88),"",('[3]FP. Panna Cotta Caramel'!$H$20*U88)) | X88: =IF(ISBLANK(U88),"",(V88/105.5*5.5))
E89: 82 | F89: Punchy /Kg | I89: =IF(ISBLANK(G89),"",((H89/105.5*100)/100*70)) | J89: =IF(ISBLANK(G89),"",(H89/105.5*5.5)) | S89: 82 | T89: Panna Cotta Fraise | V89: =IF(ISBLANK(U89),"",('[3]FP. Panna Cotta Caramel'!$H$19*U89)) | W89: =IF(ISBLANK(U89),"",('[3]FP. Panna Cotta Caramel'!$H$20*U89)) | X89: =IF(ISBLANK(U89),"",(V89/105.5*5.5))
E90: 83 | F90: Chataigne | H90: =IF(ISBLANK(G90),"",('[3]FB. Chataigne'!$H$19*G90)) | I90: =IF(ISBLANK(G90),"",('[3]FB. Chataigne'!$H$20*G90)) | J90: =IF(ISBLANK(G90),"",(H90/105.5*5.5)) | S90: 83 | T90: B. Choco Poire 4p | V90: =IF(ISBLANK(U90),"",(3.5*4)*U90) | W90: =IF(ISBLANK(U90),"",((V90/105.5*100)/100*70)) | X90: =IF(ISBLANK(U90),"",(V90/105.5*5.5))
E91: 84 | F91: Meule Olive Kg | I91: =IF(ISBLANK(G91),"",((H91/105.5*100)/100*70)) | J91: =IF(ISBLANK(G91),"",(H91/105.5*5.5)) | S91: 84 | T91: Tarte Caramel Exotique | V91: =IF(ISBLANK(U91),"",('[3]FP. Tarte Caramel Exotique'!$H$19*U91)) | W91: =IF(ISBLANK(U91),"",('[3]FP. Tarte Caramel Exotique'!$H$20*U91)) | X91: =IF(ISBLANK(U91),"",(V91/105.5*5.5))
E92: 85 | F92: Vertueux | H92: =IF(ISBLANK(G92),"",('[3]FB. Vertueux'!$H$19*G92)) | I92: =IF(ISBLANK(G92),"",('[3]FB. Vertueux'!$H$20*G92)) | J92: =IF(ISBLANK(G92),"",(H92/105.5*5.5)) | S92: 85 | T92: Douceur de l'Iton | V92: =IF(ISBLANK(U92),"",('[3]FP. Douceur de l Iton'!$I$19*U92)) | W92: =IF(ISBLANK(U92),"",('[3]FP. Douceur de l Iton'!$I$20*U92)) | X92: =IF(ISBLANK(U92),"",(V92/105.5*5.5))
E93: 86 | F93: Pave Conde | H93: =IF(ISBLANK(G93),"",('[3]FB. Belle Arome'!F19*G93)) | I93: =IF(ISBLANK(G93),"",('[3]FB. Belle Arome'!F20*G93)) | J93: =IF(ISBLANK(G93),"",(H93/105.5*5.5)) | S93: 86 | T93: Tarte Prune | V93: =IF(ISBLANK(U93),"",('[3]FP. Tarte Prune'!$H$19*U93)) | W93: =IF(ISBLANK(U93),"",('[3]FP. Tarte Prune'!$H$20*U93)) | X93: =IF(ISBLANK(U93),"",(V93/105.5*5.5))
E94: 87 | F94: Abondant Lardon | I94: =IF(ISBLANK(G94),"",((H94/105.5*100)/100*70)) | J94: =IF(ISBLANK(G94),"",(H94/105.5*5.5)) | S94: 87 | T94: Confiture Mure Sauvage | V94: =IF(ISBLANK(U94),"",('[3]FP. Confiture Mure Sauvage'!$I$19*U94)) | W94: =IF(ISBLANK(U94),"",('[3]FP. Confiture Mure Sauvage'!$I$20*U94)) | X94: =IF(ISBLANK(U94),"",(V94/105.5*5.5))
E95: 88 | F95: Chataigne Figue Noisette Ammande | I95: =IF(ISBLANK(G95),"",((H95/105.5*100)/100*70)) | J95: =IF(ISBLANK(G95),"",(H95/105.5*5.5)) | S95: 88 | T95: Tarte Gianduja | V95: =IF(ISBLANK(U95),"",('[3]FP. Tarte Gianduja'!$H$19*U95)) | W95: =IF(ISBLANK(U95),"",('[3]FP. Tarte Gianduja'!$H$20*U95)) | X95: =IF(ISBLANK(U95),"",(V95/105.5*5.5))
E96: 89 | F96: Pave Trad | H96: =IF(ISBLANK(G96),"",('[3]FB. Trad'!J28*'CA. Fin de Journée'!G96)) | I96: =IF(ISBLANK(G96),"",('[3]FB. Trad'!K28*'CA. Fin de Journée'!G96)) | J96: =IF(ISBLANK(G96),"",(H96/105.5*5.5)) | S96: 89 | T96: Cake Orange | V96: =IF(ISBLANK(U96),"",('[3]FP. Cake Fruit'!$H$19*U96)) | W96: =IF(ISBLANK(U96),"",('[3]FP. Cake Fruit'!$H$20*U96)) | X96: =IF(ISBLANK(U96),"",(V96/105.5*5.5))
E97: 90 | F97: Meule Noix Raisin Kg | I97: =IF(ISBLANK(G97),"",((H97/105.5*100)/100*70)) | J97: =IF(ISBLANK(G97),"",(H97/105.5*5.5)) | S97: 90 | T97: B. Beu Cafe 4p | V97: =IF(ISBLANK(U97),"",(2.7*4)*U97) | W97: =IF(ISBLANK(U97),"",((V97/105.5*100)/100*70)) | X97: =IF(ISBLANK(U97),"",(V97/105.5*5.5))
E98: 91 | F98: Compagnon G. Courge kg | I98: =IF(ISBLANK(G98),"",((H98/105.5*100)/100*70)) | J98: =IF(ISBLANK(G98),"",(H98/105.5*5.5)) | S98: 91 | T98: B. Beu Cafe 6p | V98: =IF(ISBLANK(U98),"",(2.7*6)*U98) | W98: =IF(ISBLANK(U98),"",((V98/105.5*100)/100*70)) | X98: =IF(ISBLANK(U98),"",(V98/105.5*5.5))
E99: 92 | F99: Caractere Abricot kg | I99: =IF(ISBLANK(G99),"",((H99/105.5*100)/100*70)) | J99: =IF(ISBLANK(G99),"",(H99/105.5*5.5)) | S99: 92 | T99: B. Beu Chocolat 4P | V99: =IF(ISBLANK(U99),"",(2.7*4)*U99) | W99: =IF(ISBLANK(U99),"",((V99/105.5*100)/100*70)) | X99: =IF(ISBLANK(U99),"",(V99/105.5*5.5))
E100: 93 | F100: Meule Amande Noisette Raisin Kg | I100: =IF(ISBLANK(G100),"",((H100/105.5*100)/100*70)) | J100: =IF(ISBLANK(G100),"",(H100/105.5*5.5)) | S100: 93 | T100: B. Beu Praliné 4P | V100: =IF(ISBLANK(U100),"",(2.7*4)*U100) | W100: =IF(ISBLANK(U100),"",((V100/105.5*100)/100*70)) | X100: =IF(ISBLANK(U100),"",(V100/105.5*5.5))
E101: 94 | F101: Meule Amande figue Orange confite Kg | I101: =IF(ISBLANK(G101),"",((H101/105.5*100)/100*70)) | S101: 94 | T101: B. Beu Praliné 8P | V101: =IF(ISBLANK(U101),"",(2.7*8)*U101) | W101: =IF(ISBLANK(U101),"",((V101/105.5*100)/100*70))
...
